 Dungeon Crawl Stone Soup version 0.31-a0-174-g85c54bcb58 (webtiles) character file.

Game seed: 12273573018903772536

703205 qw the Conqueror (level 27, 0/141 HPs)
             Began as a Gargoyle Fighter on June 15, 2023.
             Was the Champion of the Shining One.
             Killed from afar by a starcursed mass (18 damage)
             ... with an accursed screaming
             ... while paralysed by accursed screaming
             ... on level 4 of the Abyss.
             The game lasted 00:59:05 (67368 turns).

qw the Conqueror (Gargoyle Fighter)                Turns: 67368, Time: 00:59:06

Health: 0/141      AC: 66    Str: 27 (28) XL:     27
Magic:  27/32      EV:  2    Int: 13 (14) God:    the Shining One [******]
Gold:   6365       SH:  0    Dex:  8 (10) Spells: 26/26 levels left

rFire   + . .        C - +9 broad axe (holy)
rCold   x . .        c - -1 tower shield of Terrible Surprise {Regen+}
rNeg    + + +        N - +8 orange crystal plate armour {Archmagi, Int+3 Clar}
rPois   inf          P - +2 hat of Seshrua {rC++}
rElec   +            U - +2 cloak {Will+}
rCorr   .            f - +2 pair of gloves {Dex+3}
SInv    .            e - +2 pair of boots
Will    +++..        F - amulet of faith Stlth
                     q - ring of the Octopus King {rF+ HP+2 AC+2 EV+2 SH+2}
HPRegen 0.00/turn    y - +5 ring of evasion
MPRegen 0.23/turn

%: clarity, faith, archmagi
@: paralysed, about to teleport, flying, inhibited regen, glowing
A: sickness immunity, AC +20, big wings, negative energy resistance 1,
electricity resistance, torment resistance 1, petrification resistance, clarity,
clumsy 1, weak 2, [berserk 1], [deformed body], deterioration 1[+1], [frail 3],
low MP 1[+1], [screaming 2], [inhibited regeneration], [no potion heal 1], [cold
vulnerability 3], subdued magic 1[+1]
}: 5/15 runes: barnacled, slimy, silver, golden, gossamer
a: Renounce Religion, Divine Shield, Cleansing Flame, Summon Divine Warrior


You were on level 4 of the Abyss.
You worshipped the Shining One.
The Shining One was exalted by your worship.
You visited 12 branches of the dungeon, and saw 55 of its levels.
You visited the Abyss 3 times.
You also visited: Wizlab.

You collected 11872 gold pieces.
You spent 5507 gold pieces at shops.


Innate Abilities, Weirdness & Mutations

You are immune to sickness and miasma.
Your stone body is resilient. (AC +20)
You are immune to poison.
Your large and strong wings let you fly.
You resist negative energy. (rN+)
You are resistant to electric shocks. (rElec)
You are resistant to unholy torment.
You are immune to petrification.
You possess an exceptional clarity of mind.
You are clumsy. (Dex -2)
You are very weak. (Str -4)
[You sometimes lose your temper in combat.]
[Armour fits poorly on your strangely shaped body.]
[Your body often deteriorates upon taking damage.]
[You are extremely frail. (-30% HP)]
[Your magical capacity is very low. (-20% MP)]
[You frequently scream uncontrollably at your foes.]
[You do not regenerate when monsters are visible.]
[Potions are less effective at restoring your health.]
[You are extremely vulnerable to cold. (rC---)]
[Your spells are easier to cast, but less powerful.]


   Skills:
 O Level 27 Fighting
 - Level 5.0 Short Blades
 - Level 18.0 Axes
 - Level 15.3 Throwing
 + Level 22.4 Armour
 - Level 9.9 Dodging
 - Level 22.0 Shields
 O Level 27 Invocations


You had 26 spell levels left.
You didn't know any spells.
Your spell library was empty.

Inventory:

Hand Weapons
 l - the +7 war axe of the Ten Thickets {flame, Drain Will- rCorr Str+8}
   (You took it off an ironbound convoker on level 1 of the Vaults)

   Str:       It affects your strength (+8).
   rCorr:     It protects you from acid and corrosion.
   Drain:     It drains your maximum health when unequipped.
   Will:      It decreases your willpower.
 C - a +9 broad axe of holy wrath (weapon)
Missiles
 D - 27 boomerangs (quivered)
Armour
 c - the -1 tower shield of Terrible Surprise (worn) {Regen+}
   (You acquired it on level 3 of the Vaults)

   Regen:     It increases your rate of health regeneration.
 e - a +2 pair of boots (worn)
 f - a +2 pair of gloves of dexterity (worn)
 p - a scarf of resistance
 v - the +1 pair of gloves of Ethics {+Blink rC+}
   (Okawaru gifted it to you on level 1 of the Depths)

   rC:        It protects you from cold.
   +Blink:    It lets you blink.
 z - the +3 hat of Pondering {ponderous, Will+ MP+10 Int+5}
   (You took it off Gastronok on level 2 of the Lair of Beasts)

   Int:       It affects your intelligence (+5).
   MP:        It affects your magic capacity (+10).
   Will:      It increases your willpower.
 I - a +1 helmet
 K - the +2 cloak "Jaograe" {Dex+3}
   (Okawaru gifted it to you on level 3 of the Abyss)

   Dex:       It affects your dexterity (+3).
 N - the +8 orange crystal plate armour (worn) {Archmagi, Int+3 Clar}
   (You found it on level 1 of the Depths)

   Int:       It affects your intelligence (+3).
   Clar:      It protects you from confusion, rage, mesmerisation and fear.
 P - the +2 hat of Seshrua (worn) {rC++}
   (Okawaru gifted it to you on level 5 of the Vaults)

   rC:        It greatly protects you from cold.
 R - the +2 shield of Resistance {rF++ rC++ Will++}
   (You bought it in a shop on level 15 of the Dungeon)

   rF:        It greatly protects you from fire.
   rC:        It greatly protects you from cold.
   Will:      It greatly increases your willpower.
 T - +6 gold dragon scales
 U - a +2 cloak of willpower (worn)
Jewellery
 o - the ring "Tathruuxt" {rElec rC+}
   (You found it on level 1 of the Depths)

   [ring of protection from cold]

   rC:        It protects you from cold.
   rElec:     It insulates you from electricity.
 q - a ring of the Octopus King (left hand) {rF+ HP+2 AC+2 EV+2 SH+2}
   (You found it on level 5 of the Vaults)

   [ring of protection from fire]

   AC:        It affects your AC (+2).
   EV:        It affects your evasion (+2).
   rF:        It protects you from fire.
   HP:        It affects your health (+2).
   SH:        It affects your SH (+2).
 r - the ring "Saawnij" {rF+ MP+9 Int+6 Dex+4}
   (You found it on level 5 of the Vaults)

   [ring of intelligence]

   Int:       It affects your intelligence (+6).
   Dex:       It affects your dexterity (+4).
   rF:        It protects you from fire.
   MP:        It affects your magic capacity (+9).
 y - a +5 ring of evasion (right hand)
 F - an amulet of faith (around neck)
 G - a ring of protection from cold
 O - an amulet of reflection
 Q - the amulet of the Four Winds {rN+ Will+++ Clar}
   (You bought it in a shop on level 15 of the Dungeon)

   [amulet of nothing]

   rN:        It protects you from negative energy.
   Clar:      It protects you from confusion, rage, mesmerisation and fear.
   Will:      It greatly increases your willpower.
Wands
 E - a wand of digging (23)
Scrolls
 h - 2 scrolls of enchant armour
 n - 12 scrolls of identify
 s - 11 scrolls of teleportation
 w - 2 scrolls of brand weapon
Potions
 a - a potion of cancellation
 b - 3 potions of mutation
 d - 9 potions of might
 j - 18 potions of curing
 k - a potion of magic
 m - 4 potions of haste
 A - 3 potions of resistance

Dungeon Overview and Level Annotations

Branches:
Dungeon (15/15)            Temple (1/1) D:6            Lair (5/5) D:11
 Shoals (4/4) Lair:2       Spider (4/4) Lair:3        Slime (5/5) Lair:4
    Orc (2/2) D:11            Elf (0/3) Orc:2        Vaults (5/5) D:13
  Crypt (3/3) Vaults:2       Tomb (3/3) Crypt:3      Depths (4/4) D:15
    Zot (4/5) Depths:4     WizLab (visited)

Altars:
Ashenzari
Cheibriados
Dithmenos
Elyvilon
Fedhas
Gozag
Hepliaklqana
Kikubaaqudgha
Makhleb
Nemelex Xobeh
Okawaru
Qazlal
Ru
Sif Muna
Trog
Uskayaw
Vehumet
Wu Jian
Xom
Yredelemnul
Zin
The Shining One
Lugonu

Shops:
D:3 (   D:5 *   D:8 [   D:15 [:?=(   Orc:2 ???:(   Shoals:2 =   Vaults:1 *
Vaults:2 [   Vaults:4 [   Depths:4 *

Portals:
Hell: Depths:1 Depths:2 Depths:3 Depths:4
Abyss: Lair:5 Depths:2 Depths:3
Pandemonium: Depths:2 Depths:4
Ziggurat: Depths:3
Trove: Depths:2 (give 6 scrolls of blinking)

Annotations:
Lair:1 3 runed translucent doors, qw's ghost, journeyman GrFi
Lair:5 3 runed translucent doors, qw's ghost, journeyman GrFi
Shoals:2 6 transporters
Orc:1 2 runed translucent doors, Kisosi's ghost, journeyman DDFi
Vaults:2 exclusion: 2 sphinxes
Zot:4 2 transporters


Message History

The starcursed mass touches you but does no damage.
You block the starcursed mass's attack.
A starcursed mass splits.
You block the starcursed mass's attack.
You slash the starcursed mass!
You destroy the starcursed mass!
You slice the starcursed mass!!
You destroy the starcursed mass!
You slash the starcursed mass!
You destroy the starcursed mass!
You slash the starcursed mass!
You destroy the starcursed mass!
You hit the starcursed mass.
The starcursed mass shudders and is absorbed by its neighbour.
Your angel is engulfed in a cloud of scalding steam.
Your angel hits the smoke demon with a +2 sacred scourge of holy wrath!!
The smoke demon convulses!!
The smoke demon dies!
The Shining One accepts your kill.
You slice the starcursed mass!!
You destroy the starcursed mass!
You slash the large abomination!
The large abomination convulses.
Your angel hits the starcursed mass with a +2 sacred scourge of holy wrath!
The starcursed mass is destroyed!
The starcursed mass is engulfed in a cloud of scalding steam.
The starcursed mass shudders and is absorbed by its neighbour.
A cacophony of accursed wailing tears at your sanity!
You suddenly lose the ability to move!
Your angel gestures.
Your angel is healed somewhat.
The large abomination hits you but does no damage.
The starcursed mass touches you but does no damage.
Your angel gestures.
Your angel is healed somewhat.
A starcursed mass splits.
Your angel gestures.
Your angel is healed somewhat.
The large abomination hits you but does no damage.
The starcursed mass touches you but does no damage.
A cacophony of accursed wailing tears at your sanity!
You die...

X. . ..##....#
.X...... ## . X...
# #..####} .## #.
......###..### # #
.....XXX.....#.# .
.# #
#.XXXX.....)#.#...
.##@A...[). . . #
#XX#¤..\..... ##
..X.X#. ........
....#p.# # .. . ..
.. .##..#.. . ....
# . #. ...#. ¤ ..
. )# . ....#.. ...
..))) # . #### .
.. ..)) # } ....h
..... % .


You could see 9 starcursed masses, 2 large abominations, a wizard (invisible)
and a friendly angel (summoned, misshapen).

Vanquished Creatures
  Dissolution (Slime:3)
  the Royal Jelly (Slime:5)
  A dread lich (Vaults:4)
  3 ancient liches
  Mara (Spider:4)
  Mennas (Crypt:1)
  Josephina (Crypt:1)
  18 royal mummies
  Parghit (Zot:2)
  Sojobo (Vaults:2)
  A caustic shrike (shapeshifter) (Depths:3)
  3 curse toes
  2 golden dragons
  5 bone dragons
  A shard shrike zombie (Crypt:3)
  3 doom hounds (Crypt:1)
  A Cloud Mage (WizLab)
  A Tzitzimitl (Crypt:1)
  An electric golem (Zot:3)
  A Hell Sentinel (Abyss:4)
  16 tentacled monstrosities
  3 deep elf master archers
  A walking earthen tome (Depths:2)
  4 deep elf blademasters
  10 liches
  Grunn (Crypt:1)
  18 titans
  15 acid blobs
  6 quicksilver dragons
  A kraken (Shoals:4)
  15 sphinxes
  7 death cobs
  10 ancient champions
  Gastronok (Lair:2)
  An Executioner (Abyss:4)
  13 tengu reavers
  14 tentacled starspawn
  8 draconian monks
  10 shadow dragons
  6 rockslimes
  Donald (Spider:1)
  7 storm dragons
  5 draconian knights
  24 fire giants
  6 revenants
  3 iron dragons
  10 azure jellies
  5 emperor scorpions
  21 vault wardens
  A caustic shrike zombie (Crypt:3)
  20 frost giants
  2 balrugs
  3 deep elf sorcerers (Vaults:5)
  13 draconian scorchers
  A deep elf elementalist (Depths:3)
  13 ghost moths
  8 draconian shifters
  Louise (Spider:4)
  9 draconian stormcallers
  A ghost moth (shapeshifter) (Vaults:4)
  Aizul (Vaults:3)
  3 angels
  22 ironbound preservers
  A quicksilver ooze (shapeshifter) (Depths:3)
  A formless jellyfish (shapeshifter) (Depths:3)
  10 quicksilver oozes
  A ghoul (Crypt:1)
  6 draconian annihilators
  2 juggernaut skeletons (Crypt:3)
  6 very ugly things
  A formless jellyfish (Vaults:2)
  6 ironbound thunderhulks
  An elemental wellspring (Shoals:1)
  3 reapers
  8 war gargoyles
  2 broodmothers
  A putrid mouth (Crypt:1)
  4 orc warlords
  28 stone giants
  4 vampire knights
  9 bennus
  13 black draconians
  14 dire elephants
  12 green draconians
  16 purple draconians
  An eleionoma (shapeshifter) (Vaults:5)
  Azrael (Spider:1)
  10 yellow draconians
  7 red draconians
  3 deep elf annihilators
  14 spark wasps
  16 white draconians
  4 deep elf death magi
  3 blizzard demons
  20 mummy priests
  2 fire dragons
  6 merfolk javelineers
  14 ettins
  3 eidola
  2 deep elf high priests
  2 green deaths
  10 merfolk impalers
  6 crystal guardians
  7 entropy weavers
  A quicksilver dragon zombie (Abyss:4)
  Fannar (D:11)
  An entropy weaver (shapeshifter) (Abyss:4)
  2 spriggan zombies
  8 jiangshi
  8 great orbs of eyes
  33 vault guards
  12 yaktaur captains
  A quicksilver dragon skeleton (Tomb:3)
  6 ice dragons
  3 salamander tyrants
  10 hydras
  An ogre mage (Vaults:5)
  5 rakshasas
  4 jorogumos
  2 merfolk avatars (Shoals:4)
  A radroach (shapeshifter) (Depths:3)
  A caustic shrike simulacrum (Crypt:1)
  Erolcha (D:11)
  3 catoblepae
  3 peacekeepers
  2 spriggan skeletons
  10 spriggan air magi
  2 death knights (Crypt:1)
  An alligator snapping turtle (Shoals:4)
  2 ghost crabs (WizLab)
  13 ironbound frosthearts
  3 juggernaut simulacra (Depths:3)
  4 merfolk aquamancers (Shoals:4)
  4 centaur warriors
  9 boulder beetles
  3 radroaches
  A satyr (shapeshifter) (Depths:3)
  4 tengu warriors
  13 death yaks
  63 death scarabs
  A fenstrider witch skeleton (Tomb:2)
  2 satyrs
  5 two-headed ogres
  2 hell hogs (Abyss:4)
  9 deep troll shamans
  18 thrashing horrors
  8 dancing weapons
  12 deep troll earth magi
  3 orc high priests (Orc:2)
  A shock serpent (shapeshifter) (Depths:2)
  7 vampire magi
  Sonja (Lair:4)
  3 shock serpents (WizLab)
  Urug (D:11)
  4 deep elf knights
  3 demonic crawlers (Spider:3)
  2 soul eaters
  4 spriggan berserkers
  11 iron trolls
  6 sun demons
  17 wretched stars
  A fire crab (shapeshifter) (Vaults:5)
  2 shadow wraiths (Crypt:2)
  11 pharaoh ants
  40 skeletal warriors
  7 skysharks
  5 spatial maelstroms
  11 sea snakes
  23 hell knights
  An anaconda zombie (Crypt:3)
  2 death drakes (WizLab)
  3 sixfirhies
  A spriggan rider (Depths:1)
  A fire crab (Lair:4)
  3 glowing orange brains
  10 orb spiders
  A death drake (shapeshifter) (Vaults:5)
  3 sun moths
  62 deep trolls
  24 large abominations
  A swamp dragon (shapeshifter) (Depths:3)
  2 flayed ghosts (Crypt:1)
  A golden dragon zombie (Crypt:3)
  2 golden dragon skeletons
  A shadow dragon zombie (Crypt:3)
  4 lindwurms
  A kraken simulacrum (Shoals:4)
  Pikel (D:5)
  7 wizards
  8 steelbarb worms
  7 phantasmal warriors
  7 deep elf archers
  8 necromancers
  17 orc knights
  12 harpies
  25 ironbound convokers
  A sphinx zombie (Depths:1)
  8 deep elf pyromancers
  A will-o-the-wisp (Abyss:4)
  6 deep elf zephyrmancers
  24 wolf spiders
  5 shining eyes
  An oklob plant (Lair:2)
  6 orc sorcerers
  7 cyclopes
  A tengu skeleton (Vaults:1)
  A faun (shapeshifter) (Depths:3)
  13 fauns
  29 ugly things
  A naga zombie (Tomb:1)
  A centaur zombie (Tomb:1)
  5 salamanders
  A wolf spider (shapeshifter) (Depths:3)
  2 worldbinders
  19 moths of wrath
  15 manticores
  2 human skeletons (Vaults:2)
  8 merfolk sirens
  19 elephants
  2 rust devils
  A frost giant skeleton (Crypt:2)
  4 apocalypse crabs
  18 vault sentinels
  10 water nymphs
  3 fire giant skeletons
  A guardian serpent (Depths:1)
  An eye of devastation (Slime:1)
  A titan simulacrum (Abyss:4)
  A stone giant skeleton (Vaults:2)
  6 black mambas
  3 gargoyles
  An eye of devastation (shapeshifter) (Vaults:5)
  5 torpor snails
  15 cane toads
  10 smoke demons
  2 orange demons
  Maggie (Lair:1)
  A cane toad (shapeshifter) (Abyss:4)
  A dire elephant skeleton (Tomb:2)
  A red draconian zombie (Crypt:2)
  An iron troll zombie (Crypt:2)
  A golden dragon simulacrum (Depths:3)
  A yaktaur (shapeshifter) (Vaults:4)
  An unseen horror (shapeshifter) (Vaults:5)
  4 unseen horrors
  4 rime drakes
  An unseen horror zombie (Crypt:2)
  3 efreet
  A minotaur zombie (Crypt:1)
  8 tengu conjurers
  A hellion (Abyss:3)
  3 komodo dragons
  11 freezing wraiths
  A redback zombie (Crypt:1)
  32 guardian mummies
  An ice devil (Depths:4)
  A kobold demonologist (D:13)
  49 yaktaurs
  6 ancient zymes
  37 merfolk
  A red devil (Depths:4)
  A yaktaur skeleton (Vaults:2)
  An elf skeleton (Vaults:2)
  A hellwing (Abyss:4)
  A wind drake (shapeshifter) (Depths:3)
  6 trolls
  2 polar bears
  A polar bear (shapeshifter) (Lair:5)
  42 tarantellas
  11 wind drakes
  8 raiju
  4 harpy skeletons
  2 hornets
  14 snapping turtles
  27 blink frogs
  70 slime creatures
  A fire dragon zombie (Crypt:3)
  35 jumping spiders
  48 flying skulls
  13 air elementals
  An ettin skeleton (Vaults:2)
  4 shadows
  7 ynoxinuls
  2 spriggans
  An orc simulacrum (Crypt:1)
  A centaur simulacrum (Crypt:1)
  35 culicivoras
  5 fire bats
  An ice dragon skeleton (Crypt:3)
  4 ushabtiu
  6 wraiths
  2 wyverns
  23 small abominations
  15 water elementals
  36 yaks
  A dire elephant simulacrum (Crypt:1)
  A naga simulacrum (Crypt:1)
  7 basilisks
  A vampire (D:9)
  10 humans
  4 neqoxecs
  5 golden eyes (Slime:5)
  6 fire elementals
  55 redbacks
  11 vampire mosquitoes
  A black mamba skeleton (Abyss:2)
  12 chaos spawn
  5 spatial vortices
  3 steam dragons
  2 wargs
  An acid dragon (D:10)
  2 hell hounds (Spider:1)
  10 water moccasins
  A water moccasin (shapeshifter) (Vaults:5)
  29 orc warriors
  A floating eye (shapeshifter) (Depths:3)
  A floating eye (Slime:5)
  2 glowing shapeshifter skeletons
  A manticore zombie (Crypt:1)
  2 ice beasts
  A sky beast (Abyss:4)
  A spriggan simulacrum (Depths:1)
  2 lindwurm zombies (Crypt:2)
  5 boggarts (D:15)
  An orc zombie (Vaults:1)
  A black bear (Lair:4)
  6 centaurs
  4 wolves (Lair:3)
  6 ogres
  3 phantoms
  A blink frog skeleton (Crypt:1)
  2 lemures (D:5)
  9 kobold brigands
  3 earth elementals
  13 bullfrogs
  Blork the orc (D:5)
  8 necrophages
  A glowing shapeshifter simulacrum (Vaults:1)
  2 gnoll sergeants
  An ogre simulacrum (Vaults:1)
  3 scorpions
  5 wights (D:9)
  5 killer bees (D:7)
  An electric eel (Lair:4)
  2 howler monkeys (D:6)
  A quasit (Abyss:4)
  2 jellies
  20 orc priests
  4 hounds
  60 starcursed masses
  2 iguanas (D:6)
  A basilisk skeleton (Crypt:2)
  20 orc wizards
  42 mummies
  8 gnolls
  7 adders
  A shadow imp (D:7)
  6 white imps
  5 ufetubi
  An adder skeleton (Crypt:1)
  A lava snake skeleton (Crypt:2)
  A worm (D:5)
  97 orcs
  4 endoplasms
  6 giant cockroaches
  9 hobgoblins
  2 jackals (D:2)
  12 kobolds
  3 quokkas (D:1)
  9 ball pythons
  5 bats
  3 frilled lizards
  A frilled lizard skeleton (Crypt:2)
  7 goblins
  A goblin zombie (Crypt:1)
  A jackal skeleton (Crypt:1)
  6 rats
  A spectral orc (D:14)
  4 lurking horrors (Abyss:4)
  20 starspawn tentacles
  5 tentacles (Shoals:4)
2846 creatures vanquished.

Vanquished Creatures (collateral kills)
  A dread lich (Crypt:3)
  7 royal mummies
  2 bone dragons (Abyss:4)
  3 tentacled starspawn (Abyss:4)
  2 ancient champions
  A revenant (Tomb:3)
  2 fire giants (Tomb:3)
  2 white draconians
  A deep elf demonologist (Abyss:4)
  A bennu (Tomb:2)
  3 mummy priests
  A fenstrider witch zombie (Tomb:3)
  A spriggan skeleton (Tomb:3)
  A hell hog (Abyss:4)
  8 death scarabs
  4 thrashing horrors (Abyss:4)
  A sun demon (Abyss:4)
  A skeletal warrior (Tomb:3)
  An anaconda zombie (Tomb:3)
  A deep elf archer (Tomb:3)
  2 large abominations (Abyss:4)
  A will-o-the-wisp (Abyss:4)
  A smoke demon (Abyss:4)
  16 guardian mummies
  A harpy skeleton (Tomb:3)
  4 raiju (Abyss:4)
  5 flying skulls
  An ushabti (Tomb:1)
  A wyvern (Abyss:4)
  A fire bat (Abyss:4)
  An acid dragon (Abyss:4)
  14 starcursed masses (Abyss:4)
  3 small abominations (Abyss:4)
  8 mummies
103 creatures vanquished.

Vanquished Creatures (others)
  A tengu reaver (Depths:3)
  A frost giant (Crypt:2)
  A white draconian (Zot:2)
  A spark wasp (WizLab)
  A spriggan air mage (WizLab)
  A vault guard (D:13)
  A deep elf archer (Crypt:3)
  An apocalypse crab (WizLab)
  2 tarantellas (Spider:1)
  A blink frog (Abyss:4)
  A jumping spider (Spider:3)
  A yak (D:10)
  2 large abominations (Abyss:4)
  2 small abominations (Abyss:2)
  An orc (Vaults:5)
  6 foxfires (Abyss:4)
  A lurking horror (Abyss:4)
  26 starspawn tentacles
  5 tentacles (Shoals:4)
56 creatures vanquished.

Grand Total: 3005 creatures vanquished

Notes
Turn   | Place    | Note
-------+----------+-------------------------------------------
     0 | D:1      | qw the Gargoyle Fighter began the quest for the Orb.
     0 | D:1      | Reached XP level 1. HP: 14/14 MP: 1/1
     0 | D:1      | 0 ||| qw: Version: 0.2-a-29-g511e9b1
     0 | D:1      | 0 ||| qw: Game counter: 5287
     0 | D:1      | 0 ||| qw: Always use a shield: true
     0 | D:1      | 0 ||| qw: God list: Okawaru
     0 | D:1      | 0 ||| qw: Allow faded altars: false
     0 | D:1      | 0 ||| qw: Do Orc after D:15 true
     0 | D:1      | 0 ||| qw: Do second Lair branch before Depths: true
     0 | D:1      | 0 ||| qw: Lair rune preference: random
     0 | D:1      | 0 ||| qw: Plans: Normal, Zot:1-4, Slime:5, God:TSO, Crypt,
                  | Tomb, Abyss, Pan, Hells, Win
     0 | D:1      | 0 ||| PLANNING D:1-11
    39 | D:1      | 39 ||| Stepping ~*~*~tactically~*~*~ (stealth).
    87 | D:1      | Reached XP level 2. HP: 19/19 MP: 2/2
   239 | D:1      | 239 ||| Stepping ~*~*~tactically~*~*~ (stealth).
   288 | D:1      | 288 ||| Stepping ~*~*~tactically~*~*~ (stealth).
   294 | D:1      | 294 ||| Stepping ~*~*~tactically~*~*~ (stealth).
   295 | D:1      | 295 ||| Stepping ~*~*~tactically~*~*~ (stealth).
   329 | D:1      | Reached skill level 3 in Axes
   342 | D:1      | Reached XP level 3. HP: 17/23 MP: 3/3
   422 | D:1      | 422 ||| Stepping ~*~*~tactically~*~*~ (stealth).
   649 | D:1      | 649 ||| UPGRADING to +0 pair of gloves.
   654 | D:1      | 654 ||| UPGRADING to +0 pair of boots.
   659 | D:1      | 659 ||| READING scroll labelled ZAIL UGRUNGELYCO.
   660 | D:1      | 660 ||| READING scroll labelled FUNOUS HERA.
   661 | D:1      | 661 ||| READING scroll labelled NUS GAUSHRE CAMP.
   662 | D:1      | 662 ||| READING scroll labelled QYIFYO DUFIXIQEUGG.
  1001 | D:2      | 1001 ||| Stepping ~*~*~tactically~*~*~ (hiding).
  1051 | D:2      | 1051 ||| Stepping ~*~*~tactically~*~*~ (stealth).
  1052 | D:2      | 1052 ||| Stepping ~*~*~tactically~*~*~ (stealth).
  1281 | D:3      | Reached XP level 4. HP: 28/28 MP: 4/4
  1523 | D:3      | 1523 ||| DROPPING +0 mace.
  1575 | D:3      | Found Cijont's Weapon Shop.
  1892 | D:3      | 1892 ||| READING scroll labelled CUKLUY COANN.
  1893 | D:3      | 1893 ||| READING scroll labelled JENUBL JUATH.
  1894 | D:3      | 1894 ||| READING 2 scrolls labelled VAZOLO OLEOKK.
  1895 | D:3      | 1895 ||| DRINKING 2 smoky ruby potions.
  1896 | D:3      | 1896 ||| DROPPING potion of enlightenment.
  2082 | D:4      | Noticed a phantom
  2098 | D:4      | Killed a phantom
  2099 | D:4      | Reached XP level 5. HP: 27/32 MP: 5/5
  2199 | D:4      | Reached XP level 6. HP: 38/38 MP: 6/6
  2337 | D:4      | 2337 ||| DROPPING +0 flail.
  2343 | D:4      | 2343 ||| Stepping ~*~*~tactically~*~*~ (stealth).
  2344 | D:4      | 2344 ||| Stepping ~*~*~tactically~*~*~ (stealth).
  2749 | D:4      | 2749 ||| UPGRADING to +5 ring of evasion.
  2750 | D:4      | 2750 ||| READING scroll labelled ZOGGED NENI.
  2751 | D:4      | 2751 ||| READING scroll labelled FOZEYSODIF.
  2752 | D:4      | 2752 ||| READING 3 scrolls of identify.
  2752 | D:4      | 2752 ||| IDENTIFYING fizzy purple potion
  2753 | D:4      | 2753 ||| READING 2 scrolls of identify.
  2753 | D:4      | 2753 ||| IDENTIFYING fuming blue potion
  2754 | D:4      | 2754 ||| DROPPING potion of berserk rage.
  2755 | D:4      | 2755 ||| DROPPING potion of ambrosia.
  2780 | D:5      | Entered Level 5 of the Dungeon
  2806 | D:5      | Reached skill level 1 in Dodging
  2876 | D:5      | 2876 ||| Stepping ~*~*~tactically~*~*~ (stealth).
  2878 | D:5      | 2878 ||| Stepping ~*~*~tactically~*~*~ (stealth).
  2879 | D:5      | Noticed Pikel
  2912 | D:5      | Killed Pikel
  2913 | D:5      | Reached XP level 7. HP: 13/43 MP: 7/7
  3054 | D:5      | Noticed Blork the orc
  3055 | D:5      | 3055 ||| FLEEEEING.
  3069 | D:5      | HP: 10/44 [Blork the orc/+1 hand axe of flaming (6)]
  3074 | D:5      | Killed Blork the orc
  3129 | D:5      | Reached XP level 8. HP: 23/48 MP: 8/8
  3225 | D:5      | 3225 ||| DROPPING +0 heavy flail.
  3272 | D:5      | 3272 ||| Stepping ~*~*~tactically~*~*~ (stealth).
  3279 | D:5      | 3279 ||| Stepping ~*~*~tactically~*~*~ (hiding).
  3284 | D:5      | Reached skill level 1 in Throwing
  3424 | D:5      | You fall into a shaft and drop 3 floors!
  3440 | D:8      | 3440 ||| UPGRADING to +0 plate armour.
  3450 | D:8      | 3450 ||| DROPPING +0 scale mail.
  3451 | D:8      | 3451 ||| READING scroll labelled MUVEHAOTIOG.
  3479 | D:8      | 3479 ||| READING scroll labelled TERCHE SIMURUIME.
  3480 | D:8      | 3480 ||| READING 3 scrolls of identify.
  3480 | D:8      | 3480 ||| IDENTIFYING clear potion
  3481 | D:8      | 3481 ||| READING 2 scrolls of identify.
  3481 | D:8      | 3481 ||| IDENTIFYING bubbling ruby potion
  3482 | D:8      | 3482 ||| DROPPING potion of invisibility.
  3517 | D:7      | 3517 ||| Stepping ~*~*~tactically~*~*~ (hiding).
  3518 | D:7      | 3518 ||| Stepping ~*~*~tactically~*~*~ (hiding).
  3519 | D:7      | 3519 ||| Stepping ~*~*~tactically~*~*~ (hiding).
  3520 | D:7      | 3520 ||| Stepping ~*~*~tactically~*~*~ (stealth).
  3521 | D:7      | 3521 ||| Stepping ~*~*~tactically~*~*~ (hiding).
  3522 | D:7      | 3522 ||| Stepping ~*~*~tactically~*~*~ (hiding).
  3606 | D:7      | 3606 ||| Stepping ~*~*~tactically~*~*~ (stealth).
  3609 | D:7      | 3609 ||| Stepping ~*~*~tactically~*~*~ (hiding).
  3610 | D:7      | 3610 ||| Stepping ~*~*~tactically~*~*~ (hiding).
  3732 | D:5      | Found Fejilosu's Assorted Antiques.
  3740 | D:5      | 3740 ||| BUYING potion of heal wounds (130 gold).
  3740 | D:5      | Bought a potion of heal wounds for 130 gold pieces
  3740 | D:5      | 3740 ||| BUYING scroll of teleportation (78 gold).
  3740 | D:5      | Bought a scroll of teleportation for 78 gold pieces
  3740 | D:5      | 3740 ||| BUYING viscous green potion (23 gold).
  3740 | D:5      | Bought a viscous green potion for 23 gold pieces
  3904 | D:6      | 3904 ||| Stepping ~*~*~tactically~*~*~ (hiding).
  3946 | D:6      | Reached skill level 6 in Fighting
  3956 | D:6      | 3956 ||| FLEEEEING.
  3957 | D:6      | 3957 ||| FLEEEEING.
  3958 | D:6      | 3958 ||| FLEEEEING.
  3959 | D:6      | 3959 ||| FLEEEEING.
  3960 | D:6      | 3960 ||| FLEEEEING.
  3961 | D:6      | 3961 ||| FLEEEEING.
  3963 | D:6      | 3963 ||| FLEEEEING.
  3964 | D:6      | 3964 ||| FLEEEEING.
  3965 | D:6      | 3965 ||| FLEEEEING.
  3966 | D:6      | 3966 ||| FLEEEEING.
  3967 | D:6      | 3967 ||| FLEEEEING.
  3968 | D:6      | 3968 ||| FLEEEEING.
  3969 | D:6      | 3969 ||| STAIRDANCE
  4039 | D:6      | Reached XP level 9. HP: 53/55 MP: 9/9
  4204 | D:6      | Found a staircase to the Ecumenical Temple.
  4205 | D:6      | 4205 ||| PLANNING TEMPLE
  4213 | Temple   | Entered the Ecumenical Temple
  4292 | Temple   | 4292 ||| PLANNING OKAWARU WORSHIP
  4301 | Temple   | Became a worshipper of Warmaster Okawaru
  4302 | Temple   | 4302 ||| PLANNING D:1-11
  4375 | D:6      | Reached skill level 9 in Axes
  4504 | D:6      | 4504 ||| UPGRADING to +1 war axe of freezing.
  4505 | D:6      | 4505 ||| DROPPING +1 war axe.
  4697 | D:6      | 4697 ||| Stepping ~*~*~tactically~*~*~ (stealth).
  4816 | D:6      | 4816 ||| UPGRADING to ring of see invisible.
  4887 | D:7      | 4887 ||| READING scroll of enchant weapon.
  4887 | D:7      | 4887 ||| ENCHANTING +1 war axe of freezing.
  4952 | D:7      | Reached skill level 6 in Armour
  4961 | D:7      | HP: 13/55 [killer bee (6)]
  4962 | D:7      | 4962 ||| READING scroll of teleportation.
  4967 | D:7      | HP: 10/55 [killer bee (5)]
  4968 | D:7      | 4968 ||| DRINKING 3 potions of heal wounds.
  5091 | D:7      | 5091 ||| Stepping ~*~*~tactically~*~*~ (hiding).
  5093 | D:7      | 5093 ||| Stepping ~*~*~tactically~*~*~ (hiding).
  5094 | D:7      | 5094 ||| Stepping ~*~*~tactically~*~*~ (hiding).
  5400 | D:7      | 5400 ||| UPGRADING to +0 kite shield.
  5410 | D:7      | 5410 ||| DROPPING +0 buckler.
  5411 | D:7      | 5411 ||| DRINKING 2 grey potions.
  5411 | D:7      | Gained mutation: Your mind is acute. (Int +4, Str/Dex -1)
                  | [potion of mutation]
  5411 | D:7      | Gained mutation: You are partially covered in iridescent
                  | scales. (AC +2) [potion of mutation]
  5412 | D:7      | 5412 ||| DRINKING 2 viscous green potions.
  5413 | D:7      | 5413 ||| DROPPING potion of brilliance.
  5609 | D:8      | Found Igas's Armour Emporium.
  5613 | D:8      | 5613 ||| SHOPLISTING +0 plate armour of cold resistance
                  | (390 gold, have 75).
  5613 | D:8      | 5613 ||| SHOPLISTING +0 plate armour of positive energy
                  | (351 gold, have 75).
  5613 | D:8      | 5613 ||| BUYING +0 tower shield (58 gold).
  5613 | D:8      | Bought a +0 tower shield for 58 gold pieces
  5665 | D:8      | 5665 ||| Stepping ~*~*~tactically~*~*~ (hiding).
  5675 | D:8      | HP: 8/56 [orc priest/divine providence (15)]
  5676 | D:8      | 5676 ||| DRINKING 2 potions of heal wounds.
  5678 | D:8      | Reached * piety under Okawaru
  5971 | D:8      | Found a glowing golden altar of the Shining One.
  6068 | D:8      | Identified the +0 cloak of Buomn {Rampage}
  6166 | D:8      | Reached skill level 1 in Invocations
  6298 | D:8      | 6298 ||| UPGRADING to +1 helmet of see invisible.
  6303 | D:8      | 6303 ||| REMOVING ring of see invisible.
  6304 | D:8      | 6304 ||| UPGRADING to +0 tower shield.
  6314 | D:8      | 6314 ||| DROPPING +0 kite shield.
  6315 | D:8      | 6315 ||| UPGRADING to +0 cloak of Buomn {Rampage}.
  6320 | D:8      | 6320 ||| DRINKING 2 glowing inky potions.
  6334 | D:9      | Noticed a two-headed ogre
  6335 | D:9      | 6335 ||| INVOKING Heroism.
  6348 | D:9      | Killed a two-headed ogre
  6349 | D:9      | Reached XP level 10. HP: 40/61 MP: 8/10
  6362 | D:9      | 6362 ||| STAIRDANCE
  6423 | D:9      | 6423 ||| Stepping ~*~*~tactically~*~*~ (stealth).
  6425 | D:9      | 6425 ||| INVOKING Heroism.
  6457 | D:9      | 6457 ||| Stepping ~*~*~tactically~*~*~ (hiding).
  6459 | D:9      | 6459 ||| Stepping ~*~*~tactically~*~*~ (hiding).
  6461 | D:9      | 6461 ||| INVOKING Heroism.
  6540 | D:9      | 6540 ||| Stepping ~*~*~tactically~*~*~ (cloud).
  6543 | D:9      | 6543 ||| Stepping ~*~*~tactically~*~*~ (cloud).
  6544 | D:9      | 6544 ||| INVOKING Heroism.
  6556 | D:9      | Reached skill level 3 in Invocations
  6677 | D:9      | 6677 ||| READING scroll of enchant weapon.
  6677 | D:9      | 6677 ||| ENCHANTING +2 war axe of freezing.
  6803 | D:9      | 6803 ||| INVOKING Heroism.
  7160 | D:9      | Found a bloodstained altar of Trog.
  7164 | D:9      | Found a burning altar of Makhleb.
  7165 | D:9      | Found an opulent altar of Gozag.
  7168 | D:9      | Found a shimmering blue altar of Sif Muna.
  7169 | D:9      | Found a stormy altar of Qazlal.
  7171 | D:9      | 7171 ||| DRINKING potion of curing.
  7171 | D:9      | 7171 ||| (to cure confusion)
  7214 | D:9      | 7214 ||| READING scroll labelled JYMNEBU ZEGIASYPE.
  7215 | D:9      | 7215 ||| READING 2 scrolls of identify.
  7215 | D:9      | 7215 ||| IDENTIFYING golden potion
  7288 | D:10     | Entered Level 10 of the Dungeon
  7290 | D:10     | 7290 ||| Stepping ~*~*~tactically~*~*~ (hiding).
  7317 | D:10     | Reached skill level 9 in Shields
  7325 | D:10     | Identified the +4 ring mail "Reyz Rof" {+Inv rC+ Int+3
                  | Dex-2}
  7328 | D:10     | 7328 ||| Stepping ~*~*~tactically~*~*~ (stealth).
  7342 | D:10     | Reached ** piety under Okawaru
  7401 | D:10     | Noticed a gargoyle
  7407 | D:10     | Killed a gargoyle
  7424 | D:10     | Noticed a gargoyle
  7432 | D:10     | Killed a gargoyle
  7490 | D:10     | Reached *** piety under Okawaru
  7491 | D:10     | Reached XP level 11. HP: 66/66 MP: 14/14
  7502 | D:10     | Found a flagged portal.
  7771 | D:10     | 7771 ||| UPGRADING to scarf of resistance.
  7781 | D:10     | 7781 ||| READING scroll labelled OMOICKOIDA.
  7811 | D:11     | Noticed a death yak
  7811 | D:11     | Found a staircase to the Lair.
  7812 | D:11     | 7812 ||| INVOKING Heroism.
  7812 | D:11     | Noticed a death yak
  7815 | D:11     | Noticed a death yak
  7822 | D:11     | Killed a death yak
  7823 | D:11     | Reached skill level 12 in Shields
  7826 | D:11     | 7826 ||| STAIRDANCE
  7835 | D:10     | Killed a death yak
  7836 | D:10     | 7836 ||| INVOKING Heroism.
  7838 | D:10     | Killed a death yak
  7838 | D:10     | Received a gift from Okawaru
  8002 | D:11     | 8002 ||| INVOKING Heroism.
  8035 | D:11     | 8035 ||| INVOKING Heroism.
  8174 | D:11     | Noticed Erolcha
  8175 | D:11     | 8175 ||| INVOKING Heroism.
  8187 | D:11     | Killed Erolcha
  8232 | D:11     | Reached **** piety under Okawaru
  8239 | D:11     | 8239 ||| INVOKING Heroism.
  8276 | D:11     | Noticed a two-headed ogre
  8277 | D:11     | 8277 ||| INVOKING Heroism.
  8283 | D:11     | Killed a two-headed ogre
  8396 | D:11     | Noticed Fannar
  8409 | D:11     | 8409 ||| INVOKING Heroism.
  8415 | D:11     | Killed Fannar
  8578 | D:11     | Found a staircase to the Orcish Mines.
  8590 | D:11     | Noticed Urug
  8591 | D:11     | 8591 ||| Stepping ~*~*~tactically~*~*~ (hiding).
  8595 | D:11     | 8595 ||| INVOKING Heroism.
  8604 | D:11     | Killed Urug
  8605 | D:11     | Reached XP level 12. HP: 55/74 MP: 13/15
  8720 | D:11     | Found a sparkling altar of Nemelex Xobeh.
  8954 | D:11     | 8954 ||| PLANNING LAIR
  8954 | D:11     | 8954 ||| DROPPING +1 helmet.
  8955 | D:11     | 8955 ||| READING scroll labelled BIDUFOAHEDD.
  8956 | D:11     | 8956 ||| READING 2 scrolls of identify.
  8956 | D:11     | 8956 ||| IDENTIFYING smoky sapphire potion
  8973 | Lair:1   | Entered Level 1 of the Lair of Beasts
  8983 | Lair:1   | 8983 ||| Stepping ~*~*~tactically~*~*~ (stealth).
  9050 | Lair:1   | Noticed a catoblepas
  9051 | Lair:1   | 9051 ||| INVOKING Heroism.
  9054 | Lair:1   | Reached skill level 3 in Throwing
  9071 | Lair:1   | Killed a catoblepas
  9072 | Lair:1   | Reached skill level 6 in Invocations
  9094 | Lair:1   | 9094 ||| Stepping ~*~*~tactically~*~*~ (stealth).
  9096 | Lair:1   | 9096 ||| Stepping ~*~*~tactically~*~*~ (stealth).
  9097 | Lair:1   | 9097 ||| Stepping ~*~*~tactically~*~*~ (stealth).
  9102 | Lair:1   | Reached ***** piety under Okawaru
  9180 | Lair:1   | 9180 ||| Stepping ~*~*~tactically~*~*~ (stealth).
  9421 | Lair:1   | 9421 ||| Stepping ~*~*~tactically~*~*~ (stealth).
  9437 | Lair:1   | 9437 ||| INVOKING Heroism.
  9438 | Lair:1   | Received a gift from Okawaru
  9536 | Lair:1   | Noticed Maggie
  9545 | Lair:1   | Killed Maggie
  9570 | Lair:1   | 9570 ||| DROPPING +1 hand axe of flaming.
  9571 | Lair:1   | 9571 ||| UPGRADING to +1 broad axe of flaming.
  9572 | Lair:1   | 9572 ||| DROPPING +3 war axe of venom.
  9618 | Lair:1   | You fall into a shaft and drop 1 floor!
  9621 | Lair:2   | Found the +1 robe of Vines {NoPotionHeal Regen++++}
  9624 | Lair:2   | 9624 ||| INVOKING Heroism.
  9625 | Lair:2   | 9625 ||| INVOKING Finesse.
  9626 | Lair:2   | Noticed an eight-headed hydra
  9628 | Lair:2   | Noticed a six-headed hydra
  9640 | Lair:2   | Killed a three-headed hydra
  9648 | Lair:2   | Killed a one-headed hydra
  9651 | Lair:2   | 9651 ||| READING 3 scrolls of teleportation.
  9658 | Lair:2   | Received a gift from Okawaru
  9787 | Lair:2   | 9787 ||| READING 2 scrolls of identify.
  9787 | Lair:2   | 9787 ||| IDENTIFYING brown potion
  9835 | Lair:1   | Found a runed translucent gate.
  9835 | Lair:1   | Found a runed translucent gate.
  9836 | Lair:1   | Found a runed translucent gate.
  9837 | Lair:1   | Noticed qw's ghost (journeyman GrFi)
 11047 | Lair:1   | 11047 ||| Stepping randomly (stuck).
 11131 | Lair:2   | 11131 ||| INVOKING Heroism.
 11154 | Lair:2   | 11154 ||| Stepping ~*~*~tactically~*~*~ (stealth).
 11160 | Lair:2   | 11160 ||| Stepping ~*~*~tactically~*~*~ (stealth).
 11168 | Lair:2   | 11168 ||| INVOKING Heroism.
 11329 | Lair:2   | Found a staircase to the Shoals.
 11329 | Lair:2   | Noticed Gastronok
 11330 | Lair:2   | 11330 ||| INVOKING Heroism.
 11347 | Lair:2   | Killed Gastronok
 11348 | Lair:2   | Reached skill level 9 in Invocations
 11348 | Lair:2   | Reached XP level 13. HP: 36/78 MP: 19/19
 11476 | Lair:2   | 11476 ||| INVOKING Heroism.
 11482 | Lair:2   | Identified the +7 kite shield "Heonog" {rElec rCorr Str-4
                  | Dex+8} (Okawaru gifted it to you on level 2 of the Lair of
                  | Beasts)
 11482 | Lair:2   | Received a gift from Okawaru
 11551 | Lair:2   | 11551 ||| Stepping ~*~*~tactically~*~*~ (stealth).
 11747 | Lair:2   | 11747 ||| INVOKING Heroism.
 11900 | Lair:2   | Reached skill level 9 in Fighting
 12153 | Lair:2   | 12153 ||| UPGRADING to +1 robe of Vines {NoPotionHeal
                  | Regen++++}.
 12163 | Lair:2   | 12163 ||| DROPPING +0 plate armour.
 12164 | Lair:2   | 12164 ||| UPGRADING to ring of positive energy.
 12204 | Lair:3   | 12204 ||| Stepping ~*~*~tactically~*~*~ (stealth).
 12228 | Lair:3   | 12228 ||| Stepping ~*~*~tactically~*~*~ (stealth).
 12301 | Lair:3   | 12301 ||| Stepping ~*~*~tactically~*~*~ (stealth).
 12345 | Lair:3   | 12345 ||| Stepping ~*~*~tactically~*~*~ (stealth).
 12349 | Lair:3   | 12349 ||| INVOKING Heroism.
 12350 | Lair:3   | 12350 ||| INVOKING Finesse.
 12400 | Lair:3   | Reached skill level 12 in Axes
 12426 | Lair:3   | 12426 ||| Stepping ~*~*~tactically~*~*~ (stealth).
 12428 | Lair:3   | 12428 ||| INVOKING Heroism.
 12442 | Lair:3   | Found a hole to the Spider Nest.
 12457 | Lair:3   | 12457 ||| Stepping ~*~*~tactically~*~*~ (stealth).
 12459 | Lair:3   | 12459 ||| Stepping ~*~*~tactically~*~*~ (stealth).
 12461 | Lair:3   | 12461 ||| Stepping ~*~*~tactically~*~*~ (stealth).
 12463 | Lair:3   | 12463 ||| Stepping ~*~*~tactically~*~*~ (stealth).
 12465 | Lair:3   | 12465 ||| Stepping ~*~*~tactically~*~*~ (stealth).
 12467 | Lair:3   | 12467 ||| Stepping ~*~*~tactically~*~*~ (stealth).
 12469 | Lair:3   | 12469 ||| Stepping ~*~*~tactically~*~*~ (stealth).
 12499 | Lair:3   | 12499 ||| INVOKING Heroism.
 12577 | Lair:3   | 12577 ||| INVOKING Heroism.
 12578 | Lair:3   | 12578 ||| Stepping ~*~*~tactically~*~*~ (stealth).
 12646 | Lair:3   | 12646 ||| INVOKING Heroism.
 12649 | Lair:3   | Received a gift from Okawaru
 12755 | Lair:3   | 12755 ||| INVOKING Heroism.
 12795 | Lair:3   | 12795 ||| INVOKING Heroism.
 12851 | Lair:3   | 12851 ||| Stepping ~*~*~tactically~*~*~ (stealth).
 12853 | Lair:3   | 12853 ||| INVOKING Heroism.
 12864 | Lair:3   | Received a gift from Okawaru
 12938 | Lair:3   | Gained mutation: Your large and strong wings let you fly.
                  | [Gargoyle growth]
 12938 | Lair:3   | Reached XP level 14. HP: 88/88 MP: 21/21
 13552 | Lair:3   | 13552 ||| READING scroll labelled TUROULA ELIO.
 13552 | Lair:3   | Identified a scroll of acquirement
 13552 | Lair:3   | 13552 ||| ACQUIRING +6 ring of dexterity
 13552 | Lair:3   | Acquired a +6 ring of dexterity
 13554 | Lair:3   | 13554 ||| UPGRADING to +6 ring of dexterity.
 13556 | Lair:3   | 13556 ||| DROPPING ring of positive energy.
 13604 | Lair:4   | Received a gift from Okawaru
 13615 | Lair:4   | Reached skill level 3 in Dodging
 13619 | Lair:4   | 13619 ||| Stepping ~*~*~tactically~*~*~ (stealth).
 13621 | Lair:4   | 13621 ||| Stepping ~*~*~tactically~*~*~ (stealth).
 13622 | Lair:4   | 13622 ||| Stepping ~*~*~tactically~*~*~ (stealth).
 13630 | Lair:4   | 13630 ||| Stepping ~*~*~tactically~*~*~ (stealth).
 13661 | Lair:4   | 13661 ||| Stepping ~*~*~tactically~*~*~ (stealth).
 13662 | Lair:4   | 13662 ||| READING scroll of brand weapon.
 13662 | Lair:4   | 13662 ||| BRANDING +1 broad axe of flaming.
 13666 | Lair:4   | 13666 ||| Stepping ~*~*~tactically~*~*~ (stealth).
 13667 | Lair:4   | 13667 ||| Stepping ~*~*~tactically~*~*~ (stealth).
 13668 | Lair:4   | 13668 ||| Stepping ~*~*~tactically~*~*~ (stealth).
 13705 | Lair:4   | Noticed Sonja
 13708 | Lair:4   | 13708 ||| INVOKING Finesse.
 13710 | Lair:4   | 13710 ||| Stepping ~*~*~tactically~*~*~ (hiding).
 13711 | Lair:4   | 13711 ||| Stepping ~*~*~tactically~*~*~ (hiding).
 13714 | Lair:4   | 13714 ||| Stepping ~*~*~tactically~*~*~ (hiding).
 13729 | Lair:4   | 13729 ||| Stepping ~*~*~tactically~*~*~ (hiding).
 13730 | Lair:4   | 13730 ||| Stepping ~*~*~tactically~*~*~ (hiding).
 13731 | Lair:4   | 13731 ||| Stepping ~*~*~tactically~*~*~ (hiding).
 13732 | Lair:4   | 13732 ||| Stepping ~*~*~tactically~*~*~ (hiding).
 13736 | Lair:4   | Killed Sonja
 13737 | Lair:4   | 13737 ||| Stepping ~*~*~tactically~*~*~ (stealth).
 13787 | Lair:4   | 13787 ||| Stepping ~*~*~tactically~*~*~ (stealth).
 13789 | Lair:4   | 13789 ||| Stepping ~*~*~tactically~*~*~ (stealth).
 13792 | Lair:4   | 13792 ||| Stepping ~*~*~tactically~*~*~ (stealth).
 13863 | Lair:4   | 13863 ||| Stepping ~*~*~tactically~*~*~ (stealth).
 13866 | Lair:4   | 13866 ||| Stepping ~*~*~tactically~*~*~ (stealth).
 13868 | Lair:4   | 13868 ||| Stepping ~*~*~tactically~*~*~ (stealth).
 13931 | Lair:4   | 13931 ||| Stepping ~*~*~tactically~*~*~ (stealth).
 13933 | Lair:4   | 13933 ||| INVOKING Heroism.
 13934 | Lair:4   | 13934 ||| Stepping ~*~*~tactically~*~*~ (stealth).
 13936 | Lair:4   | 13936 ||| INVOKING Finesse.
 13974 | Lair:4   | Received a gift from Okawaru
 13996 | Lair:4   | 13996 ||| Stepping ~*~*~tactically~*~*~ (stealth).
 13998 | Lair:4   | 13998 ||| Stepping ~*~*~tactically~*~*~ (stealth).
 14033 | Lair:4   | 14033 ||| Stepping ~*~*~tactically~*~*~ (stealth).
 14045 | Lair:4   | 14045 ||| Stepping ~*~*~tactically~*~*~ (stealth).
 14082 | Lair:4   | 14082 ||| Stepping ~*~*~tactically~*~*~ (stealth).
 14132 | Lair:4   | 14132 ||| INVOKING Heroism.
 14133 | Lair:4   | 14133 ||| INVOKING Finesse.
 14159 | Lair:4   | Reached skill level 15 in Shields
 14203 | Lair:4   | Received a gift from Okawaru
 14232 | Lair:4   | Noticed a dire elephant
 14233 | Lair:4   | 14233 ||| INVOKING Heroism.
 14248 | Lair:4   | Killed a dire elephant
 14268 | Lair:4   | Identified the +0 robe of Nugygaen {rPois}
 14313 | Lair:4   | Identified the +0 pair of gloves of Insecurity {rPois}
 14346 | Lair:4   | 14346 ||| INVOKING Heroism.
 14347 | Lair:4   | 14347 ||| INVOKING Finesse.
 14610 | Lair:4   | Found a staircase to the Slime Pits.
 14766 | Lair:4   | 14766 ||| DROPPING +1 helmet.
 14767 | Lair:4   | 14767 ||| DROPPING +0 pair of gloves of Insecurity {rPois}.
 14816 | Lair:5   | Entered Level 5 of the Lair of Beasts
 14817 | Lair:5   | 14817 ||| INVOKING Heroism.
 14858 | Lair:5   | 14858 ||| Stepping ~*~*~tactically~*~*~ (stealth).
 14886 | Lair:5   | Received a gift from Okawaru
 14908 | Lair:5   | 14908 ||| Stepping ~*~*~tactically~*~*~ (stealth).
 14935 | Lair:5   | 14935 ||| DROPPING +0 morningstar.
 15036 | Lair:5   | 15036 ||| Stepping ~*~*~tactically~*~*~ (stealth).
 15073 | Lair:5   | Found a runed translucent gate.
 15074 | Lair:5   | Found a runed translucent gate.
 15083 | Lair:5   | Found a runed translucent gate.
 15097 | Lair:5   | Noticed qw's ghost (journeyman GrFi)
 15341 | Lair:5   | 15341 ||| Stepping ~*~*~tactically~*~*~ (stealth).
 15343 | Lair:5   | 15343 ||| Stepping ~*~*~tactically~*~*~ (hiding).
 15417 | Lair:5   | 15417 ||| Stepping ~*~*~tactically~*~*~ (stealth).
 15434 | Lair:5   | 15434 ||| Stepping ~*~*~tactically~*~*~ (hiding).
 15435 | Lair:5   | 15435 ||| Stepping ~*~*~tactically~*~*~ (hiding).
 15436 | Lair:5   | 15436 ||| Stepping ~*~*~tactically~*~*~ (hiding).
 15438 | Lair:5   | 15438 ||| Stepping ~*~*~tactically~*~*~ (hiding).
 15460 | Lair:5   | 15460 ||| Stepping ~*~*~tactically~*~*~ (stealth).
 15481 | Lair:5   | 15481 ||| Stepping ~*~*~tactically~*~*~ (stealth).
 15488 | Lair:5   | 15488 ||| Stepping ~*~*~tactically~*~*~ (hiding).
 15490 | Lair:5   | 15490 ||| Stepping ~*~*~tactically~*~*~ (hiding).
 15504 | Lair:5   | 15504 ||| Stepping ~*~*~tactically~*~*~ (stealth).
 15505 | Lair:5   | 15505 ||| Stepping ~*~*~tactically~*~*~ (hiding).
 15571 | Lair:5   | Received a gift from Okawaru
 15593 | Lair:5   | 15593 ||| Stepping ~*~*~tactically~*~*~ (stealth).
 15595 | Lair:5   | 15595 ||| Stepping ~*~*~tactically~*~*~ (stealth).
 15598 | Lair:5   | 15598 ||| Stepping ~*~*~tactically~*~*~ (stealth).
 15618 | Lair:5   | Reached XP level 15. HP: 93/93 MP: 22/22
 15618 | Lair:5   | 15618 ||| Stepping ~*~*~tactically~*~*~ (stealth).
 15683 | Lair:5   | Received a gift from Okawaru
 15702 | Lair:5   | 15702 ||| DROPPING +2 war axe of flaming.
 15733 | Lair:5   | 15733 ||| Stepping ~*~*~tactically~*~*~ (hiding).
 15734 | Lair:5   | 15734 ||| Stepping ~*~*~tactically~*~*~ (stealth).
 15753 | Lair:5   | 15753 ||| INVOKING Heroism.
 15791 | Lair:5   | Found a corrupted altar of Lugonu.
 15791 | Lair:5   | Found a one-way gate to the infinite horrors of the Abyss.
 15962 | Lair:5   | 15962 ||| Stepping ~*~*~tactically~*~*~ (stealth).
 15963 | Lair:5   | 15963 ||| Stepping ~*~*~tactically~*~*~ (stealth).
 15964 | Lair:5   | 15964 ||| Stepping ~*~*~tactically~*~*~ (stealth).
 16003 | Lair:5   | 16003 ||| PLANNING D
 16003 | Lair:5   | 16003 ||| UPGRADING to amulet of faith.
 16008 | Lair:5   | 16008 ||| READING 2 scrolls of identify.
 16008 | Lair:5   | 16008 ||| IDENTIFYING murky brown potion
 16774 | D:12     | 16774 ||| DROPPING +4 chain mail.
 16933 | D:13     | 16933 ||| Stepping ~*~*~tactically~*~*~ (stealth).
 16962 | D:13     | 16962 ||| INVOKING Heroism.
 16994 | D:13     | Identified the +0 chain mail "Canaes" {rN++ Int+3 Dex-5
                  | Slay+3}
 16995 | D:13     | 16995 ||| Stepping ~*~*~tactically~*~*~ (stealth).
 16997 | D:13     | 16997 ||| Stepping ~*~*~tactically~*~*~ (stealth).
 17045 | D:13     | Found a gate to the Vaults.
 17188 | D:13     | 17188 ||| Stepping ~*~*~tactically~*~*~ (hiding).
 17202 | D:13     | 17202 ||| Stepping ~*~*~tactically~*~*~ (stealth).
 17203 | D:13     | 17203 ||| Stepping ~*~*~tactically~*~*~ (stealth).
 17209 | D:13     | 17209 ||| INVOKING Heroism.
 17436 | D:13     | 17436 ||| DROPPING +0 chain mail "Canaes" {rN++ Int+3 Dex-5
                  | Slay+3}.
 17483 | D:14     | Identified the +8 halberd of Valuable Assets {elec, rF+
                  | SInv}
 17493 | D:14     | Reached skill level 6 in Throwing
 17608 | D:14     | 17608 ||| Stepping ~*~*~tactically~*~*~ (hiding).
 17646 | D:14     | 17646 ||| Stepping ~*~*~tactically~*~*~ (hiding).
 17663 | D:14     | 17663 ||| Stepping ~*~*~tactically~*~*~ (stealth).
 17666 | D:14     | 17666 ||| Stepping ~*~*~tactically~*~*~ (stealth).
 17669 | D:14     | 17669 ||| Stepping ~*~*~tactically~*~*~ (stealth).
 17671 | D:14     | 17671 ||| Stepping ~*~*~tactically~*~*~ (stealth).
 17673 | D:14     | 17673 ||| Stepping ~*~*~tactically~*~*~ (stealth).
 17683 | D:14     | Reached skill level 15 in Axes
 17686 | D:14     | Reached ****** piety under Okawaru
 17706 | D:14     | Received a gift from Okawaru
 17832 | D:14     | 17832 ||| INVOKING Heroism.
 17947 | D:14     | 17947 ||| Stepping ~*~*~tactically~*~*~ (stealth).
 17962 | D:14     | Reached skill level 12 in Fighting
 18134 | D:14     | Found a basalt altar of Yredelemnul.
 18157 | D:14     | 18157 ||| INVOKING Heroism.
 18176 | D:14     | 18176 ||| INVOKING Heroism.
 18332 | D:14     | 18332 ||| DROPPING +1 hat.
 18333 | D:14     | 18333 ||| READING scroll labelled FISHUIR PURURCH.
 18434 | D:14     | 18434 ||| READING 3 scrolls of identify.
 18434 | D:14     | 18434 ||| IDENTIFYING sedimented dark potion
 18435 | D:14     | 18435 ||| DROPPING potion of degeneration.
 18452 | D:15     | Entered Level 15 of the Dungeon
 18453 | D:15     | 18453 ||| Stepping ~*~*~tactically~*~*~ (stealth).
 18454 | D:15     | 18454 ||| Stepping ~*~*~tactically~*~*~ (stealth).
 18455 | D:15     | 18455 ||| Stepping ~*~*~tactically~*~*~ (hiding).
 18456 | D:15     | 18456 ||| Stepping ~*~*~tactically~*~*~ (hiding).
 18457 | D:15     | 18457 ||| INVOKING Heroism.
 18458 | D:15     | 18458 ||| SWAPPING to +1 broad axe of flaming.
 18466 | D:15     | 18466 ||| UPGRADING to +1 vampiric broad axe.
 18478 | D:15     | 18478 ||| INVOKING Finesse.
 18497 | D:15     | 18497 ||| SWAPPING to +1 broad axe of flaming.
 18503 | D:15     | Reached XP level 16. HP: 101/101 MP: 19/23
 18503 | D:15     | 18503 ||| UPGRADING to +1 vampiric broad axe.
 18542 | D:15     | Found Otih's Book Emporium.
 18544 | D:15     | Found Baamp's Magic Scroll Shoppe.
 18560 | D:15     | 18560 ||| BUYING scroll of enchant armour (150 gold).
 18560 | D:15     | Bought a scroll of enchant armour for 150 gold pieces
 18560 | D:15     | 18560 ||| BUYING scroll of enchant weapon (150 gold).
 18560 | D:15     | Bought a scroll of enchant weapon for 150 gold pieces
 18560 | D:15     | 18560 ||| BUYING scroll of enchant weapon (150 gold).
 18560 | D:15     | Bought a scroll of enchant weapon for 150 gold pieces
 18560 | D:15     | 18560 ||| BUYING scroll of identify (40 gold).
 18560 | D:15     | Bought a scroll of identify for 40 gold pieces
 18560 | D:15     | 18560 ||| BUYING scroll of teleportation (60 gold).
 18560 | D:15     | Bought a scroll of teleportation for 60 gold pieces
 18560 | D:15     | 18560 ||| BUYING scroll of teleportation (60 gold).
 18560 | D:15     | Bought a scroll of teleportation for 60 gold pieces
 18560 | D:15     | 18560 ||| BUYING scroll of teleportation (60 gold).
 18560 | D:15     | Bought a scroll of teleportation for 60 gold pieces
 18560 | D:15     | 18560 ||| READING scroll of enchant armour.
 18560 | D:15     | 18560 ||| ENCHANTING +0 pair of gloves.
 18561 | D:15     | 18561 ||| READING 2 scrolls of enchant weapon.
 18561 | D:15     | 18561 ||| ENCHANTING +1 vampiric broad axe.
 18562 | D:15     | 18562 ||| READING scroll of enchant weapon.
 18562 | D:15     | 18562 ||| ENCHANTING +2 vampiric broad axe.
 18591 | D:15     | Found a staircase to the Depths.
 18592 | D:15     | 18592 ||| INVOKING Heroism.
 18593 | D:15     | 18593 ||| SWAPPING to +1 broad axe of flaming.
 18627 | D:15     | 18627 ||| UPGRADING to +3 vampiric broad axe.
 18671 | D:15     | 18671 ||| Stepping ~*~*~tactically~*~*~ (hiding).
 18673 | D:15     | 18673 ||| Stepping ~*~*~tactically~*~*~ (hiding).
 18677 | D:15     | Found Jubuyz's Jewellery Emporium.
 18691 | D:15     | 18691 ||| SHOPLISTING +4 ring of protection (576 gold, have
                  | 367).
 18691 | D:15     | 18691 ||| SHOPLISTING amulet of Laacamot {RegenMP rElec
                  | rPois Int-4 Dex+4} (771 gold, have 367).
 18691 | D:15     | 18691 ||| SHOPLISTING amulet of reflection (480 gold, have
                  | 367).
 18691 | D:15     | 18691 ||| SHOPLISTING amulet of the Four Winds {rN+ Will+++
                  | Clar} (971 gold, have 367).
 18691 | D:15     | 18691 ||| SHOPLISTING ring of protection from fire (400
                  | gold, have 367).
 18738 | D:15     | Found Zin's Purification Station.
 18741 | D:15     | Found a glowing silver altar of Zin.
 18744 | D:15     | 18744 ||| BUYING potion of curing (90 gold).
 18744 | D:15     | Bought a potion of curing for 90 gold pieces
 18745 | D:15     | 18745 ||| INVOKING Heroism.
 18746 | D:15     | 18746 ||| INVOKING Finesse.
 18751 | D:15     | 18751 ||| SWAPPING to +1 broad axe of flaming.
 18754 | D:15     | 18754 ||| UPGRADING to +3 vampiric broad axe.
 18791 | D:15     | Found Rost's Antique Weapon Shop.
 18862 | D:15     | Received a gift from Okawaru
 18927 | D:15     | Found Jitzak's Armour Boutique.
 18937 | D:15     | 18937 ||| SHOPLISTING +1 shadow dragon scales (1131 gold,
                  | have 277).
 18937 | D:15     | 18937 ||| SHOPLISTING +2 shield of Resistance {rF++ rC++
                  | Will++} (916 gold, have 277).
 19053 | D:15     | 19053 ||| PLANNING ORC
 19053 | D:15     | 19053 ||| READING scroll labelled CENWAEMAECK.
 19141 | Orc:1    | Entered Level 1 of the Orcish Mines
 19166 | Orc:1    | 19166 ||| INVOKING Heroism.
 19167 | Orc:1    | 19167 ||| INVOKING Finesse.
 19389 | Orc:1    | 19389 ||| UPGRADING to +2 plate armour of willpower.
 19399 | Orc:1    | 19399 ||| DROPPING +1 robe of Vines {NoPotionHeal
                  | Regen++++}.
 19420 | Orc:2    | Entered Level 2 of the Orcish Mines
 19421 | Orc:2    | 19421 ||| PLANNING BAZAAR
 19487 | Orc:2    | 19487 ||| Stepping ~*~*~tactically~*~*~ (hiding).
 19488 | Orc:2    | 19488 ||| Stepping ~*~*~tactically~*~*~ (hiding).
 19561 | Orc:2    | 19561 ||| INVOKING Heroism.
 19579 | Orc:2    | Received a gift from Okawaru
 19625 | Orc:2    | Found a staircase to the Elven Halls.
 19647 | Orc:2    | 19647 ||| INVOKING Heroism.
 19677 | Orc:2    | 19677 ||| Stepping ~*~*~tactically~*~*~ (hiding).
 19683 | Orc:2    | 19683 ||| INVOKING Heroism.
 19771 | Orc:2    | 19771 ||| Stepping ~*~*~tactically~*~*~ (hiding).
 19777 | Orc:2    | 19777 ||| INVOKING Heroism.
 19781 | Orc:2    | 19781 ||| Stepping ~*~*~tactically~*~*~ (hiding).
 19789 | Orc:2    | Reached skill level 9 in Armour
 19795 | Orc:2    | 19795 ||| Stepping ~*~*~tactically~*~*~ (stealth).
 19797 | Orc:2    | 19797 ||| Stepping ~*~*~tactically~*~*~ (hiding).
 19827 | Orc:2    | 19827 ||| Stepping ~*~*~tactically~*~*~ (stealth).
 19828 | Orc:2    | 19828 ||| INVOKING Heroism.
 19837 | Orc:2    | Received a gift from Okawaru
 19845 | Orc:2    | 19845 ||| Stepping ~*~*~tactically~*~*~ (stealth).
 19851 | Orc:2    | 19851 ||| Stepping ~*~*~tactically~*~*~ (hiding).
 19852 | Orc:2    | 19852 ||| Stepping ~*~*~tactically~*~*~ (hiding).
 19864 | Orc:2    | 19864 ||| INVOKING Heroism.
 19888 | Orc:2    | 19888 ||| INVOKING Heroism.
 20005 | Orc:2    | Found Takhod's Magic Scroll Shoppe.
 20005 | Orc:2    | Found Nicuriap's Book Boutique.
 20007 | Orc:2    | Found Gymaz's Magic Scroll Shoppe.
 20007 | Orc:2    | Found Jujolucs's Magic Scroll Boutique.
 20013 | Orc:2    | 20013 ||| BUYING scroll of identify (30 gold).
 20013 | Orc:2    | Bought a scroll of identify for 30 gold pieces
 20013 | Orc:2    | 20013 ||| BUYING scroll of identify (30 gold).
 20013 | Orc:2    | Bought a scroll of identify for 30 gold pieces
 20013 | Orc:2    | 20013 ||| BUYING scroll of identify (30 gold).
 20013 | Orc:2    | Bought a scroll of identify for 30 gold pieces
 20013 | Orc:2    | 20013 ||| BUYING scroll of teleportation (45 gold).
 20013 | Orc:2    | Bought a scroll of teleportation for 45 gold pieces
 20013 | Orc:2    | 20013 ||| BUYING scroll of teleportation (45 gold).
 20013 | Orc:2    | Bought a scroll of teleportation for 45 gold pieces
 20015 | Orc:2    | 20015 ||| BUYING scroll of enchant armour (105 gold).
 20015 | Orc:2    | Bought a scroll of enchant armour for 105 gold pieces
 20015 | Orc:2    | 20015 ||| BUYING scroll of identify (28 gold).
 20015 | Orc:2    | Bought a scroll of identify for 28 gold pieces
 20015 | Orc:2    | 20015 ||| BUYING scroll of identify (28 gold).
 20015 | Orc:2    | Bought a scroll of identify for 28 gold pieces
 20015 | Orc:2    | 20015 ||| BUYING scroll of identify (28 gold).
 20015 | Orc:2    | Bought a scroll of identify for 28 gold pieces
 20015 | Orc:2    | 20015 ||| READING scroll of enchant armour.
 20015 | Orc:2    | 20015 ||| ENCHANTING +1 pair of gloves.
 20017 | Orc:2    | 20017 ||| BUYING scroll of enchant armour (135 gold).
 20017 | Orc:2    | Bought a scroll of enchant armour for 135 gold pieces
 20017 | Orc:2    | 20017 ||| SHOPLISTING scroll of enchant armour (135 gold,
                  | have 115).
 20017 | Orc:2    | 20017 ||| BUYING scroll of teleportation (54 gold).
 20017 | Orc:2    | Bought a scroll of teleportation for 54 gold pieces
 20017 | Orc:2    | 20017 ||| READING scroll of enchant armour.
 20017 | Orc:2    | 20017 ||| ENCHANTING +1 helmet of see invisible.
 20114 | Orc:2    | Found Kyvewoka's Weapon Boutique.
 20128 | Orc:2    | 20128 ||| Stepping ~*~*~tactically~*~*~ (stealth).
 20130 | Orc:2    | 20130 ||| Stepping ~*~*~tactically~*~*~ (stealth).
 20222 | Orc:2    | 20222 ||| Stepping ~*~*~tactically~*~*~ (hiding).
 20226 | Orc:2    | 20226 ||| INVOKING Heroism.
 20232 | Orc:2    | Received a gift from Okawaru
 20363 | Orc:2    | 20363 ||| RIP BAZAAR
 20363 | Orc:2    | 20363 ||| PLANNING ORC
 20381 | Orc:1    | 20381 ||| INVOKING Heroism.
 20389 | Orc:1    | Paralysed by an orc sorcerer for 4 turns
 20469 | Orc:1    | Found a large runed translucent door.
 20469 | Orc:1    | Found a large runed translucent door.
 20475 | Orc:1    | Noticed Kisosi's ghost (journeyman DDFi)
 20642 | Orc:1    | 20642 ||| Stepping randomly (stuck).
 20671 | Orc:2    | 20671 ||| RIP BAZAAR
 20769 | Orc:1    | 20769 ||| INVOKING Heroism.
 20865 | Orc:1    | 20865 ||| PLANNING SPIDER:1-3
 21014 | Spider:1 | Entered Level 1 of the Spider Nest
 21015 | Spider:1 | 21015 ||| RIP BAZAAR
 21019 | Spider:1 | 21019 ||| DRINKING 5 potions of curing.
 21019 | Spider:1 | 21019 ||| (to cure confusion)
 21025 | Spider:1 | 21025 ||| INVOKING Heroism.
 21029 | Spider:1 | 21029 ||| DRINKING 4 potions of curing.
 21029 | Spider:1 | 21029 ||| (to cure confusion)
 21125 | Spider:1 | 21125 ||| Stepping ~*~*~tactically~*~*~ (stealth).
 21165 | Spider:1 | 21165 ||| INVOKING Heroism.
 21181 | Spider:1 | Received a gift from Okawaru
 21245 | Spider:1 | 21245 ||| Stepping ~*~*~tactically~*~*~ (stealth).
 21285 | Spider:1 | Identified the +0 chain mail of the Other Side {rF++
                  | Slay-3}
 21292 | Spider:1 | 21292 ||| DRINKING 3 potions of curing.
 21292 | Spider:1 | 21292 ||| (to cure confusion)
 21340 | Spider:1 | 21340 ||| Stepping ~*~*~tactically~*~*~ (stealth).
 21384 | Spider:1 | 21384 ||| Stepping ~*~*~tactically~*~*~ (stealth).
 21391 | Spider:1 | 21391 ||| Stepping ~*~*~tactically~*~*~ (stealth).
 21393 | Spider:1 | 21393 ||| Stepping ~*~*~tactically~*~*~ (stealth).
 21394 | Spider:1 | 21394 ||| Stepping ~*~*~tactically~*~*~ (stealth).
 21446 | Spider:1 | 21446 ||| Stepping ~*~*~tactically~*~*~ (stealth).
 21448 | Spider:1 | 21448 ||| Stepping ~*~*~tactically~*~*~ (stealth).
 21450 | Spider:1 | 21450 ||| Stepping ~*~*~tactically~*~*~ (stealth).
 21486 | Spider:1 | 21486 ||| Stepping ~*~*~tactically~*~*~ (hiding).
 21488 | Spider:1 | 21488 ||| INVOKING Finesse.
 21495 | Spider:1 | Received a gift from Okawaru
 21551 | Spider:1 | Noticed Azrael
 21552 | Spider:1 | 21552 ||| Stepping ~*~*~tactically~*~*~ (stealth).
 21554 | Spider:1 | 21554 ||| Stepping ~*~*~tactically~*~*~ (hiding).
 21562 | Spider:1 | 21562 ||| INVOKING Heroism.
 21563 | Spider:1 | 21563 ||| INVOKING Finesse.
 21573 | Spider:1 | Killed Azrael
 21641 | Spider:1 | 21641 ||| INVOKING Heroism.
 21794 | Spider:1 | 21794 ||| INVOKING Heroism.
 21799 | Spider:1 | 21799 ||| INVOKING Finesse.
 21812 | Spider:1 | Noticed Donald
 21833 | Spider:1 | Reached skill level 12 in Armour
 21843 | Spider:1 | 21843 ||| INVOKING Heroism.
 21860 | Spider:1 | Killed Donald
 21876 | Spider:1 | Received a gift from Okawaru
 21920 | Spider:1 | 21920 ||| Stepping ~*~*~tactically~*~*~ (hiding).
 22149 | Spider:1 | Reached XP level 17. HP: 106/106 MP: 0/24
 22529 | Spider:1 | 22529 ||| Stepping ~*~*~tactically~*~*~ (hiding).
 22571 | Spider:1 | 22571 ||| DROPPING +1 chain mail of fire resistance.
 22572 | Spider:1 | 22572 ||| DROPPING +0 chain mail of the Other Side {rF++
                  | Slay-3}.
 22573 | Spider:1 | 22573 ||| UPGRADING to +4 plate armour of fire resistance.
 22583 | Spider:1 | 22583 ||| DROPPING +2 plate armour of willpower.
 22584 | Spider:1 | 22584 ||| DROPPING ring of see invisible.
 22585 | Spider:1 | 22585 ||| UPGRADING to +4 ring of slaying {mikee}.
 22587 | Spider:1 | 22587 ||| DROPPING +6 ring of dexterity.
 22588 | Spider:1 | 22588 ||| READING 13 scrolls of identify.
 22588 | Spider:1 | 22588 ||| IDENTIFYING fizzy green potion
 22611 | Spider:2 | 22611 ||| INVOKING Finesse.
 22628 | Spider:2 | 22628 ||| INVOKING Heroism.
 22661 | Spider:2 | 22661 ||| INVOKING Finesse.
 22804 | Spider:2 | 22804 ||| INVOKING Heroism.
 22975 | Spider:2 | 22975 ||| Stepping ~*~*~tactically~*~*~ (hiding).
 22982 | Spider:2 | 22982 ||| INVOKING Heroism.
 23014 | Spider:2 | 23014 ||| Stepping ~*~*~tactically~*~*~ (stealth).
 23015 | Spider:2 | 23015 ||| Stepping ~*~*~tactically~*~*~ (stealth).
 23017 | Spider:2 | 23017 ||| Stepping ~*~*~tactically~*~*~ (stealth).
 23023 | Spider:2 | 23023 ||| Stepping ~*~*~tactically~*~*~ (stealth).
 23025 | Spider:2 | 23025 ||| Stepping ~*~*~tactically~*~*~ (stealth).
 23096 | Spider:2 | Received a gift from Okawaru
 23106 | Spider:2 | 23106 ||| INVOKING Finesse.
 23179 | Spider:2 | 23179 ||| FLEEEEING.
 23180 | Spider:2 | 23180 ||| FLEEEEING.
 23181 | Spider:2 | 23181 ||| FLEEEEING.
 23182 | Spider:2 | 23182 ||| FLEEEEING.
 23183 | Spider:2 | 23183 ||| FLEEEEING.
 23184 | Spider:2 | 23184 ||| FLEEEEING.
 23185 | Spider:2 | 23185 ||| STAIRDANCE
 23295 | Spider:2 | 23295 ||| STAIRDANCE
 23445 | Spider:2 | 23445 ||| Stepping ~*~*~tactically~*~*~ (hiding).
 23564 | Spider:2 | 23564 ||| Stepping ~*~*~tactically~*~*~ (stealth).
 23565 | Spider:2 | 23565 ||| Stepping ~*~*~tactically~*~*~ (hiding).
 23566 | Spider:2 | 23566 ||| INVOKING Heroism.
 24165 | Spider:3 | 24165 ||| Stepping ~*~*~tactically~*~*~ (stealth).
 24198 | Spider:3 | 24198 ||| INVOKING Heroism.
 24206 | Spider:3 | Received a gift from Okawaru
 24227 | Spider:3 | 24227 ||| Stepping ~*~*~tactically~*~*~ (stealth).
 24235 | Spider:3 | 24235 ||| Stepping ~*~*~tactically~*~*~ (stealth).
 24243 | Spider:3 | 24243 ||| Stepping ~*~*~tactically~*~*~ (stealth).
 24246 | Spider:3 | 24246 ||| Stepping ~*~*~tactically~*~*~ (stealth).
 24341 | Spider:3 | 24341 ||| INVOKING Finesse.
 24371 | Spider:3 | 24371 ||| INVOKING Heroism.
 24490 | Spider:3 | Identified the +0 ring mail of Qugrety {-Cast Rampage rC-
                  | SInv}
 24528 | Spider:3 | Received a gift from Okawaru
 24701 | Spider:3 | 24701 ||| Stepping ~*~*~tactically~*~*~ (stealth).
 24830 | Spider:3 | 24830 ||| Stepping ~*~*~tactically~*~*~ (stealth).
 24862 | Spider:3 | 24862 ||| Stepping ~*~*~tactically~*~*~ (stealth).
 24902 | Spider:3 | 24902 ||| Stepping ~*~*~tactically~*~*~ (stealth).
 24911 | Spider:3 | 24911 ||| INVOKING Heroism.
 25110 | Spider:3 | 25110 ||| INVOKING Finesse.
 25131 | Spider:3 | 25131 ||| INVOKING Finesse.
 25136 | Spider:3 | 25136 ||| INVOKING Heroism.
 25168 | Spider:3 | 25168 ||| INVOKING Heroism.
 25362 | Spider:3 | 25362 ||| PLANNING SHOALS:1-3
 25438 | Shoals:1 | Entered Level 1 of the Shoals
 25513 | Shoals:1 | 25513 ||| Stepping ~*~*~tactically~*~*~ (hiding).
 25516 | Shoals:1 | 25516 ||| Stepping ~*~*~tactically~*~*~ (hiding).
 25517 | Shoals:1 | 25517 ||| Stepping ~*~*~tactically~*~*~ (hiding).
 25519 | Shoals:1 | 25519 ||| Stepping ~*~*~tactically~*~*~ (hiding).
 25525 | Shoals:1 | 25525 ||| Stepping ~*~*~tactically~*~*~ (hiding).
 25529 | Shoals:1 | 25529 ||| Stepping ~*~*~tactically~*~*~ (hiding).
 25554 | Shoals:1 | Received a gift from Okawaru
 25615 | Shoals:1 | 25615 ||| Stepping ~*~*~tactically~*~*~ (hiding).
 25616 | Shoals:1 | 25616 ||| Stepping ~*~*~tactically~*~*~ (hiding).
 25787 | Shoals:1 | Received a gift from Okawaru
 25794 | Shoals:1 | 25794 ||| DROPPING +5 war axe of freezing.
 25919 | Shoals:1 | 25919 ||| INVOKING Heroism.
 26101 | Shoals:1 | 26101 ||| INVOKING Heroism.
 26108 | Shoals:1 | Reached skill level 18 in Axes
 26260 | Shoals:1 | 26260 ||| INVOKING Heroism.
 26452 | Shoals:1 | 26452 ||| INVOKING Heroism.
 26566 | Shoals:1 | Found the macabre finger necklace {Finger+ rN+}
 26581 | Shoals:1 | Identified the +5 glaive "Iviotep" {heavy, rC+ Will+ Int+4}
 26613 | Shoals:1 | 26613 ||| DROPPING ring of willpower.
 26678 | Shoals:2 | Reached XP level 18. HP: 114/114 MP: 25/25
 26679 | Shoals:2 | 26679 ||| INVOKING Heroism.
 26777 | Shoals:2 | Found Zadiluezic's Jewellery Shoppe.
 26778 | Shoals:2 | Found a transporter.
 26780 | Shoals:2 | Found a transporter.
 26794 | Shoals:2 | 26794 ||| BUYING +6 ring of strength (396 gold).
 26794 | Shoals:2 | Bought a +6 ring of strength for 396 gold pieces
 26794 | Shoals:2 | 26794 ||| SHOPLISTING amulet of reflection (330 gold, have
                  | 225).
 26794 | Shoals:2 | 26794 ||| BUYING ring of resist corrosion (220 gold).
 26794 | Shoals:2 | Bought a ring of resist corrosion for 220 gold pieces
 26833 | Shoals:2 | 26833 ||| INVOKING Heroism.
 26835 | Shoals:2 | Found a transporter.
 26944 | Shoals:2 | Found a transporter.
 26951 | Shoals:2 | 26951 ||| READING scroll of enchant weapon.
 26951 | Shoals:2 | 26951 ||| ENCHANTING +3 vampiric broad axe.
 27133 | Shoals:2 | Identified the +0 chain mail "Rauc" {Fly rF- rCorr Stlth-}
 27230 | Shoals:2 | Received a gift from Okawaru
 27452 | Shoals:2 | Found a transporter.
 27454 | Shoals:2 | Found a transporter.
 27536 | Shoals:2 | 27536 ||| UPGRADING to +2 pair of boots.
 27546 | Shoals:2 | 27546 ||| DROPPING +0 pair of boots.
 27547 | Shoals:2 | 27547 ||| UPGRADING to +6 ring of strength.
 27549 | Shoals:2 | 27549 ||| DROPPING +4 ring of slaying {mikee}.
 27733 | Shoals:3 | Identified the +3 battleaxe of Discomfort {protect, rC+
                  | Dex+6}
 27945 | Shoals:3 | 27945 ||| INVOKING Heroism.
 27953 | Shoals:3 | Received a gift from Okawaru
 28414 | Shoals:3 | 28414 ||| PLANNING SPIDER:4
 28551 | Spider:4 | Entered Level 4 of the Spider Nest
 28594 | Spider:4 | 28594 ||| INVOKING Heroism.
 28642 | Spider:4 | 28642 ||| DRINKING 6 potions of curing.
 28642 | Spider:4 | 28642 ||| (to cure confusion)
 28643 | Spider:4 | Received a gift from Okawaru
 28644 | Spider:4 | Reached skill level 18 in Shields
 28710 | Spider:4 | 28710 ||| Stepping ~*~*~tactically~*~*~ (hiding).
 28711 | Spider:4 | Noticed Louise
 28718 | Spider:4 | 28718 ||| INVOKING Finesse.
 28781 | Spider:4 | Killed Louise
 28782 | Spider:4 | 28782 ||| FLEEEEING.
 28783 | Spider:4 | 28783 ||| FLEEEEING.
 28784 | Spider:4 | 28784 ||| FLEEEEING.
 28785 | Spider:4 | 28785 ||| Stepping ~*~*~tactically~*~*~ (stealth).
 29004 | Spider:4 | 29004 ||| Stepping ~*~*~tactically~*~*~ (stealth).
 29007 | Spider:4 | 29007 ||| Stepping ~*~*~tactically~*~*~ (stealth).
 29013 | Spider:4 | 29013 ||| INVOKING Heroism.
 29028 | Spider:4 | Reached skill level 15 in Fighting
 29246 | Spider:4 | Noticed Mara
 29247 | Spider:4 | 29247 ||| INVOKING Heroism.
 29248 | Spider:4 | 29248 ||| INVOKING Finesse.
 29269 | Spider:4 | Killed Mara
 29396 | Spider:4 | 29396 ||| Stepping ~*~*~tactically~*~*~ (stealth).
 29397 | Spider:4 | 29397 ||| Stepping ~*~*~tactically~*~*~ (stealth).
 29399 | Spider:4 | 29399 ||| Stepping ~*~*~tactically~*~*~ (hiding).
 29457 | Spider:4 | 29457 ||| Stepping ~*~*~tactically~*~*~ (stealth).
 29517 | Spider:4 | 29517 ||| Stepping ~*~*~tactically~*~*~ (stealth).
 29520 | Spider:4 | 29520 ||| INVOKING Heroism.
 29676 | Spider:4 | 29676 ||| Stepping ~*~*~tactically~*~*~ (stealth).
 29710 | Spider:4 | 29710 ||| Stepping ~*~*~tactically~*~*~ (stealth).
 29713 | Spider:4 | 29713 ||| INVOKING Heroism.
 29731 | Spider:4 | Received a gift from Okawaru
 29779 | Spider:4 | 29779 ||| Stepping ~*~*~tactically~*~*~ (stealth).
 29780 | Spider:4 | 29780 ||| Stepping ~*~*~tactically~*~*~ (stealth).
 30066 | Spider:4 | Got a gossamer rune of Zot
 30121 | Spider:4 | 30121 ||| PLANNING VAULTS:1-4
 30121 | Spider:4 | 30121 ||| DROPPING scarf of shadows.
 30327 | Vaults:1 | Entered Level 1 of the Vaults
 30333 | Vaults:1 | 30333 ||| Stepping ~*~*~tactically~*~*~ (hiding).
 30410 | Vaults:1 | 30410 ||| Stepping ~*~*~tactically~*~*~ (hiding).
 30411 | Vaults:1 | 30411 ||| Stepping ~*~*~tactically~*~*~ (hiding).
 30412 | Vaults:1 | 30412 ||| Stepping ~*~*~tactically~*~*~ (hiding).
 30425 | Vaults:1 | Received a gift from Okawaru
 30433 | Vaults:1 | Reached XP level 19. HP: 124/124 MP: 26/26
 30464 | Vaults:1 | 30464 ||| INVOKING Heroism.
 30789 | Vaults:1 | Received a gift from Okawaru
 30989 | Vaults:1 | Paralysed by a great orb of eyes for 5 turns
 31061 | Vaults:1 | Identified the +7 war axe of the Ten Thickets {flame, Drain
                  | Will- rCorr Str+8}
 31076 | Vaults:1 | 31076 ||| DROPPING +1 broad axe of flaming.
 31081 | Vaults:1 | 31081 ||| Stepping ~*~*~tactically~*~*~ (stealth).
 31091 | Vaults:1 | Received a gift from Okawaru
 31099 | Vaults:1 | 31099 ||| Stepping ~*~*~tactically~*~*~ (hiding).
 31115 | Vaults:1 | 31115 ||| DROPPING +2 broad axe of venom.
 31499 | Vaults:1 | Found Rijam's Assorted Antiques.
 31507 | Vaults:1 | 31507 ||| BUYING potion of lignification (108 gold).
 31507 | Vaults:1 | Bought a potion of lignification for 108 gold pieces
 31507 | Vaults:1 | 31507 ||| BUYING scroll of brand weapon (342 gold).
 31507 | Vaults:1 | Bought a scroll of brand weapon for 342 gold pieces
 31507 | Vaults:1 | 31507 ||| SHOPLISTING shiny plate armour (936 gold, have
                  | 8).
 31527 | Vaults:1 | 31527 ||| Stepping ~*~*~tactically~*~*~ (hiding).
 31528 | Vaults:1 | 31528 ||| Stepping ~*~*~tactically~*~*~ (hiding).
 31529 | Vaults:1 | 31529 ||| Stepping ~*~*~tactically~*~*~ (hiding).
 31599 | Vaults:1 | 31599 ||| Stepping ~*~*~tactically~*~*~ (hiding).
 31600 | Vaults:1 | 31600 ||| Stepping ~*~*~tactically~*~*~ (hiding).
 31604 | Vaults:1 | 31604 ||| Stepping ~*~*~tactically~*~*~ (hiding).
 31787 | Vaults:2 | 31787 ||| PLANNING WIZLAB
 31833 | Vaults:2 | 31833 ||| Stepping ~*~*~tactically~*~*~ (hiding).
 31843 | Vaults:2 | 31843 ||| INVOKING Heroism.
 31912 | Vaults:2 | 31912 ||| INVOKING Heroism.
 31929 | Vaults:2 | Paralysed by a sphinx for 2 turns
 31932 | Vaults:2 | 31932 ||| DRINKING 6 potions of curing.
 31932 | Vaults:2 | 31932 ||| (to cure confusion)
 31985 | Vaults:2 | 31985 ||| FLEEEEING.
 31986 | Vaults:2 | 31986 ||| FLEEEEING.
 32012 | Vaults:2 | 32012 ||| FLEEEEING.
 32013 | Vaults:2 | 32013 ||| FLEEEEING.
 32014 | Vaults:2 | 32014 ||| FLEEEEING.
 32035 | Vaults:2 | Received a gift from Okawaru
 32039 | Vaults:2 | Reached skill level 15 in Armour
 32039 | Vaults:2 | 32039 ||| FLEEEEING.
 32040 | Vaults:2 | 32040 ||| FLEEEEING.
 32041 | Vaults:2 | 32041 ||| FLEEEEING.
 32042 | Vaults:2 | 32042 ||| FLEEEEING.
 32043 | Vaults:2 | 32043 ||| FLEEEEING.
 32162 | Vaults:2 | 32162 ||| Stepping ~*~*~tactically~*~*~ (hiding).
 32163 | Vaults:2 | 32163 ||| Stepping ~*~*~tactically~*~*~ (hiding).
 32164 | Vaults:2 | 32164 ||| Stepping ~*~*~tactically~*~*~ (hiding).
 32165 | Vaults:2 | 32165 ||| Stepping ~*~*~tactically~*~*~ (hiding).
 32167 | Vaults:2 | 32167 ||| Stepping ~*~*~tactically~*~*~ (hiding).
 32168 | Vaults:2 | 32168 ||| Stepping ~*~*~tactically~*~*~ (hiding).
 32218 | Vaults:2 | 32218 ||| Stepping ~*~*~tactically~*~*~ (hiding).
 32299 | Vaults:2 | Found a magical portal.
 32307 | WizLab   | Entered The Chambers of the Cloud Mage
 32347 | WizLab   | Paralysed by an air elemental for 1 turns
 32357 | WizLab   | Paralysed by an air elemental for 1 turns
 32410 | WizLab   | 32410 ||| INVOKING Heroism.
 32424 | WizLab   | 32424 ||| Stepping ~*~*~tactically~*~*~ (cloud).
 32470 | WizLab   | 32470 ||| DROPPING scarf of repulsion.
 32480 | WizLab   | Identified the +8 scimitar of Infection {freeze, rElec MP+9
                  | Dex+4} (Okawaru gifted it to you in a wizard's laboratory)
 32480 | WizLab   | Received a gift from Okawaru
 32618 | WizLab   | 32618 ||| INVOKING Heroism.
 32618 | WizLab   | Paralysed by an air elemental for 1 turns
 32629 | WizLab   | Paralysed by an air elemental for 1 turns
 32660 | WizLab   | 32660 ||| Stepping ~*~*~tactically~*~*~ (cloud).
 32704 | WizLab   | 32704 ||| Stepping ~*~*~tactically~*~*~ (stealth).
 32745 | WizLab   | 32745 ||| Stepping ~*~*~tactically~*~*~ (stealth).
 32750 | WizLab   | 32750 ||| Stepping ~*~*~tactically~*~*~ (stealth).
 32774 | WizLab   | Noticed Zepeil
 32780 | WizLab   | 32780 ||| INVOKING Heroism.
 32782 | WizLab   | HP: 24/128 [Zepeil the Cloud Mage/vortex (17)]
 32783 | WizLab   | 32783 ||| READING 13 scrolls of teleportation.
 32784 | WizLab   | 32784 ||| DRINKING 7 potions of heal wounds.
 32787 | WizLab   | 32787 ||| DRINKING 6 potions of heal wounds.
 33042 | WizLab   | Killed Zepeil the Cloud Mage
 33043 | WizLab   | 33043 ||| Stepping ~*~*~tactically~*~*~ (cloud).
 33136 | WizLab   | Identified the ring "Poquo" {Ice rCorr Str-4 SInv}
 33230 | WizLab   | Paralysed by an air elemental for 1 turns
 33254 | WizLab   | 33254 ||| DROPPING +2 pair of boots of rampaging.
 33265 | WizLab   | Paralysed by an air elemental for 1 turns
 33285 | Vaults:2 | 33285 ||| PLANNING VAULTS:1-4
 33313 | Vaults:2 | 33313 ||| Stepping ~*~*~tactically~*~*~ (hiding).
 33330 | Vaults:2 | 33330 ||| INVOKING Heroism.
 33443 | Vaults:2 | 33443 ||| INVOKING Heroism.
 33444 | Vaults:2 | 33444 ||| Stepping ~*~*~tactically~*~*~ (hiding).
 33446 | Vaults:2 | 33446 ||| INVOKING Finesse.
 33555 | Vaults:2 | Received a gift from Okawaru
 33627 | Vaults:2 | Reached XP level 20. HP: 134/134 MP: 27/27
 33648 | Vaults:2 | Identified the +7 chain mail "Serusina" {Dex+4} (Okawaru
                  | gifted it to you on level 2 of the Vaults)
 33648 | Vaults:2 | Received a gift from Okawaru
 33690 | Vaults:2 | Found a staircase to the Crypt.
 33742 | Vaults:2 | Found Cutuyd's Armour Boutique.
 33758 | Vaults:2 | 33758 ||| Stepping ~*~*~tactically~*~*~ (stealth).
 33760 | Vaults:2 | 33760 ||| Stepping ~*~*~tactically~*~*~ (stealth).
 33761 | Vaults:2 | 33761 ||| Stepping ~*~*~tactically~*~*~ (stealth).
 33890 | Vaults:2 | 33890 ||| Stepping ~*~*~tactically~*~*~ (hiding).
 33892 | Vaults:2 | 33892 ||| Stepping ~*~*~tactically~*~*~ (hiding).
 33893 | Vaults:2 | 33893 ||| Stepping ~*~*~tactically~*~*~ (hiding).
 34420 | Vaults:2 | 34420 ||| INVOKING Heroism.
 34421 | Vaults:2 | Noticed Sojobo
 34422 | Vaults:2 | 34422 ||| INVOKING Finesse.
 34441 | Vaults:2 | Killed Sojobo
 34533 | Abyss:2  | Cast into level 2 of the Abyss (a wizard)
 34558 | Abyss:2  | 34558 ||| Stepping ~*~*~tactically~*~*~ (hiding).
 34559 | Abyss:2  | 34559 ||| Stepping ~*~*~tactically~*~*~ (hiding).
 34572 | Abyss:2  | 34572 ||| INVOKING Heroism.
 34577 | Abyss:2  | Reached skill level 18 in Fighting
 34678 | Abyss:2  | 34678 ||| Stepping ~*~*~tactically~*~*~ (stealth).
 34679 | Abyss:2  | 34679 ||| Stepping ~*~*~tactically~*~*~ (stealth).
 34680 | Abyss:2  | 34680 ||| Stepping ~*~*~tactically~*~*~ (stealth).
 34704 | Abyss:2  | Gained mutation: [Your body sometimes deteriorates upon
                  | taking damage.] [a neqoxec]
 34710 | Abyss:2  | Gained mutation: [You have an uncontrollable temper.] [a
                  | neqoxec]
 34726 | Abyss:2  | 34726 ||| DRINKING 6 potions of mutation.
 34726 | Abyss:2  | Lost mutation: You are partially covered in iridescent
                  | scales. (AC +2) [potion of mutation]
 34726 | Abyss:2  | Lost mutation: [You have an uncontrollable temper.] [potion
                  | of mutation]
 34726 | Abyss:2  | Lost mutation: Your mind is acute. (Int +4, Str/Dex -1)
                  | [potion of mutation]
 34726 | Abyss:2  | Gained mutation: You have a pair of small antennae on your
                  | head. [potion of mutation]
 34726 | Abyss:2  | Gained mutation: You are partially covered in iridescent
                  | scales. (AC +2) [potion of mutation]
 34736 | Abyss:2  | 34736 ||| Stepping ~*~*~tactically~*~*~ (stealth).
 34749 | Abyss:2  | 34749 ||| Stepping ~*~*~tactically~*~*~ (stealth).
 34776 | Abyss:2  | 34776 ||| Stepping ~*~*~tactically~*~*~ (hiding).
 34834 | Abyss:2  | 34834 ||| Stepping ~*~*~tactically~*~*~ (stealth).
 34849 | Abyss:2  | 34849 ||| Stepping ~*~*~tactically~*~*~ (stealth).
 34926 | Abyss:2  | 34926 ||| Stepping ~*~*~tactically~*~*~ (stealth).
 34944 | Abyss:2  | 34944 ||| Stepping ~*~*~tactically~*~*~ (stealth).
 34970 | Abyss:2  | 34970 ||| Stepping ~*~*~tactically~*~*~ (stealth).
 34988 | Abyss:2  | Paralysed by accursed screaming for 1 turns
 34991 | Abyss:2  | Received a gift from Okawaru
 34992 | Abyss:2  | 34992 ||| INVOKING Heroism.
 35009 | Abyss:2  | 35009 ||| Stepping ~*~*~tactically~*~*~ (stealth).
 35031 | Abyss:2  | 35031 ||| Stepping ~*~*~tactically~*~*~ (stealth).
 35032 | Abyss:2  | 35032 ||| Stepping ~*~*~tactically~*~*~ (stealth).
 35036 | Abyss:2  | 35036 ||| Stepping ~*~*~tactically~*~*~ (stealth).
 35037 | Abyss:2  | 35037 ||| Stepping ~*~*~tactically~*~*~ (stealth).
 35039 | Abyss:2  | 35039 ||| Stepping ~*~*~tactically~*~*~ (stealth).
 35041 | Abyss:2  | 35041 ||| Stepping ~*~*~tactically~*~*~ (stealth).
 35098 | Abyss:2  | 35098 ||| Stepping ~*~*~tactically~*~*~ (stealth).
 35099 | Abyss:2  | 35099 ||| Stepping ~*~*~tactically~*~*~ (stealth).
 35100 | Abyss:2  | 35100 ||| Stepping ~*~*~tactically~*~*~ (stealth).
 35108 | Abyss:2  | 35108 ||| INVOKING Heroism.
 35113 | Abyss:2  | 35113 ||| Stepping ~*~*~tactically~*~*~ (stealth).
 35124 | Abyss:2  | 35124 ||| INVOKING Heroism.
 35154 | Vaults:2 | Escaped the Abyss
 35178 | Vaults:2 | 35178 ||| READING scroll of enchant armour.
 35178 | Vaults:2 | 35178 ||| ENCHANTING +4 plate armour of fire resistance.
 35336 | Vaults:2 | 35336 ||| DROPPING +2 helmet of see invisible.
 35337 | Vaults:2 | 35337 ||| DROPPING +2 chain mail of cold resistance.
 35338 | Vaults:2 | 35338 ||| DROPPING +7 chain mail "Serusina" {Dex+4}.
 35508 | Vaults:3 | 35508 ||| INVOKING Finesse.
 35518 | Vaults:3 | Received a gift from Okawaru
 35542 | Vaults:3 | 35542 ||| DROPPING +0 war axe of venom.
 35654 | Vaults:3 | 35654 ||| INVOKING Heroism.
 35726 | Vaults:3 | 35726 ||| Stepping ~*~*~tactically~*~*~ (hiding).
 35886 | Vaults:3 | 35886 ||| Stepping ~*~*~tactically~*~*~ (hiding).
 35952 | Vaults:3 | 35952 ||| Stepping ~*~*~tactically~*~*~ (hiding).
 35955 | Vaults:3 | 35955 ||| Stepping ~*~*~tactically~*~*~ (hiding).
 36006 | Vaults:3 | 36006 ||| Stepping ~*~*~tactically~*~*~ (hiding).
 36015 | Vaults:3 | 36015 ||| FLEEEEING.
 36016 | Vaults:3 | 36016 ||| FLEEEEING.
 36017 | Vaults:3 | 36017 ||| FLEEEEING.
 36018 | Vaults:3 | 36018 ||| FLEEEEING.
 36022 | Vaults:3 | 36022 ||| FLEEEEING.
 36033 | Vaults:3 | 36033 ||| FLEEEEING.
 36034 | Vaults:3 | 36034 ||| FLEEEEING.
 36035 | Vaults:3 | 36035 ||| FLEEEEING.
 36036 | Vaults:3 | 36036 ||| FLEEEEING.
 36037 | Vaults:3 | 36037 ||| FLEEEEING.
 36038 | Vaults:3 | 36038 ||| FLEEEEING.
 36039 | Vaults:3 | 36039 ||| FLEEEEING.
 36040 | Vaults:3 | 36040 ||| FLEEEEING.
 36041 | Vaults:3 | 36041 ||| FLEEEEING.
 36042 | Vaults:3 | 36042 ||| FLEEEEING.
 36043 | Vaults:3 | 36043 ||| FLEEEEING.
 36044 | Vaults:3 | 36044 ||| FLEEEEING.
 36045 | Vaults:3 | 36045 ||| FLEEEEING.
 36053 | Vaults:3 | 36053 ||| STAIRDANCE
 36173 | Vaults:3 | 36173 ||| STAIRDANCE
 36378 | Vaults:3 | 36378 ||| READING scroll of acquirement.
 36378 | Vaults:3 | 36378 ||| ACQUIRING -1 tower shield of Terrible Surprise
                  | {Regen+}
 36378 | Vaults:3 | Acquired the -1 tower shield of Terrible Surprise {Regen+}
 36380 | Vaults:3 | 36380 ||| UPGRADING to -1 tower shield of Terrible Surprise
                  | {Regen+}.
 36390 | Vaults:3 | 36390 ||| DROPPING +0 tower shield.
 36455 | Vaults:3 | Noticed Aizul
 36491 | Vaults:3 | Killed Aizul
 36567 | Vaults:3 | Received a gift from Okawaru
 36693 | Vaults:3 | Paralysed by a great orb of eyes for 4 turns
 36724 | Vaults:3 | Received a gift from Okawaru
 36903 | Vaults:3 | Identified the +8 chain mail "Mylustrie" {+Inv Str+2 Dex+2}
                  | (Okawaru gifted it to you on level 3 of the Vaults)
 36903 | Vaults:3 | Received a gift from Okawaru
 36949 | Vaults:4 | 36949 ||| PLANNING DESOLATION
 36969 | Vaults:4 | Noticed a dread lich
 36970 | Vaults:4 | 36970 ||| INVOKING Heroism.
 36971 | Vaults:4 | 36971 ||| INVOKING Finesse.
 36998 | Vaults:4 | Reached XP level 21. HP: 117/144 MP: 22/28
 37010 | Vaults:4 | Killed a dread lich
 37028 | Vaults:4 | Reached skill level 6 in Dodging
 37218 | Vaults:4 | 37218 ||| DROPPING +2 war axe of freezing.
 37260 | Vaults:4 | 37260 ||| Stepping ~*~*~tactically~*~*~ (stealth).
 37262 | Vaults:4 | 37262 ||| Stepping ~*~*~tactically~*~*~ (stealth).
 37263 | Vaults:4 | 37263 ||| Stepping ~*~*~tactically~*~*~ (stealth).
 37329 | Vaults:4 | 37329 ||| Stepping ~*~*~tactically~*~*~ (stealth).
 37371 | Vaults:4 | Received a gift from Okawaru
 37384 | Vaults:4 | 37384 ||| READING scroll of enchant armour.
 37384 | Vaults:4 | 37384 ||| ENCHANTING +5 plate armour of fire resistance.
 37463 | Vaults:4 | 37463 ||| Stepping ~*~*~tactically~*~*~ (stealth).
 37465 | Vaults:4 | 37465 ||| FLEEEEING.
 37466 | Vaults:4 | 37466 ||| FLEEEEING.
 37467 | Vaults:4 | 37467 ||| FLEEEEING.
 37468 | Vaults:4 | 37468 ||| FLEEEEING.
 37469 | Vaults:4 | 37469 ||| FLEEEEING.
 37470 | Vaults:4 | 37470 ||| FLEEEEING.
 37471 | Vaults:4 | 37471 ||| FLEEEEING.
 37472 | Vaults:4 | 37472 ||| FLEEEEING.
 37473 | Vaults:4 | 37473 ||| FLEEEEING.
 37474 | Vaults:4 | 37474 ||| FLEEEEING.
 37475 | Vaults:4 | 37475 ||| FLEEEEING.
 37476 | Vaults:4 | 37476 ||| FLEEEEING.
 37477 | Vaults:4 | 37477 ||| FLEEEEING.
 37479 | Vaults:4 | 37479 ||| FLEEEEING.
 37480 | Vaults:4 | 37480 ||| FLEEEEING.
 37481 | Vaults:4 | 37481 ||| FLEEEEING.
 37487 | Vaults:4 | 37487 ||| FLEEEEING.
 37488 | Vaults:4 | 37488 ||| FLEEEEING.
 37489 | Vaults:4 | 37489 ||| FLEEEEING.
 37496 | Vaults:4 | 37496 ||| STAIRDANCE
 37598 | Vaults:3 | 37598 ||| DROPPING +8 chain mail "Mylustrie" {+Inv Str+2
                  | Dex+2}.
 37616 | Vaults:4 | 37616 ||| STAIRDANCE
 37723 | Vaults:4 | 37723 ||| RIP DESOLATION
 37724 | Vaults:4 | 37724 ||| PLANNING VAULTS:1-4
 37823 | Vaults:4 | 37823 ||| Stepping ~*~*~tactically~*~*~ (hiding).
 37854 | Vaults:4 | 37854 ||| Stepping ~*~*~tactically~*~*~ (stealth).
 37938 | Vaults:4 | 37938 ||| INVOKING Finesse.
 37951 | Vaults:4 | Received a gift from Okawaru
 38057 | Vaults:4 | Identified the +6 scimitar of the Mind {antimagic, rPois
                  | rF+}
 38129 | Vaults:4 | 38129 ||| Stepping ~*~*~tactically~*~*~ (stealth).
 38133 | Vaults:4 | Reached skill level 18 in Armour
 38274 | Vaults:4 | Found Ace Ima's Armour Boutique.
 38277 | Vaults:4 | 38277 ||| BUYING +1 hat (198 gold).
 38277 | Vaults:4 | Bought a +1 hat for 198 gold pieces
 38380 | Vaults:4 | 38380 ||| Stepping ~*~*~tactically~*~*~ (hiding).
 38537 | Vaults:4 | 38537 ||| Stepping ~*~*~tactically~*~*~ (hiding).
 38539 | Vaults:4 | 38539 ||| Stepping ~*~*~tactically~*~*~ (hiding).
 38638 | Vaults:4 | Reached skill level 21 in Shields
 38647 | Vaults:4 | 38647 ||| PLANNING SHOALS:4
 38647 | Vaults:4 | 38647 ||| UPGRADING to +1 hat.
 38976 | Shoals:4 | Entered Level 4 of the Shoals
 39122 | Shoals:4 | 39122 ||| Stepping ~*~*~tactically~*~*~ (hiding).
 39126 | Shoals:4 | 39126 ||| Stepping ~*~*~tactically~*~*~ (stealth).
 39128 | Shoals:4 | 39128 ||| Stepping ~*~*~tactically~*~*~ (stealth).
 39162 | Shoals:4 | 39162 ||| Stepping ~*~*~tactically~*~*~ (hiding).
 39317 | Shoals:4 | 39317 ||| INVOKING Heroism.
 39318 | Shoals:4 | 39318 ||| INVOKING Finesse.
 39548 | Shoals:4 | 39548 ||| Stepping ~*~*~tactically~*~*~ (hiding).
 39610 | Shoals:4 | 39610 ||| Stepping ~*~*~tactically~*~*~ (hiding).
 39611 | Shoals:4 | 39611 ||| Stepping ~*~*~tactically~*~*~ (hiding).
 39613 | Shoals:4 | 39613 ||| Stepping ~*~*~tactically~*~*~ (hiding).
 39614 | Shoals:4 | 39614 ||| Stepping ~*~*~tactically~*~*~ (hiding).
 39785 | Shoals:4 | 39785 ||| INVOKING Heroism.
 39786 | Shoals:4 | 39786 ||| INVOKING Finesse.
 39856 | Shoals:4 | 39856 ||| Stepping ~*~*~tactically~*~*~ (hiding).
 39876 | Shoals:4 | 39876 ||| Stepping ~*~*~tactically~*~*~ (hiding).
 39885 | Shoals:4 | Reached XP level 22. HP: 132/153 MP: 29/29
 39913 | Shoals:4 | Reached skill level 9 in Throwing
 39940 | Shoals:4 | Got a barnacled rune of Zot
 40035 | Shoals:4 | 40035 ||| Stepping ~*~*~tactically~*~*~ (stealth).
 40036 | Shoals:4 | 40036 ||| Stepping ~*~*~tactically~*~*~ (hiding).
 40203 | Shoals:4 | 40203 ||| PLANNING DEPTHS
 40427 | Depths:1 | Entered Level 1 of the Depths
 40428 | Depths:1 | 40428 ||| INVOKING Heroism.
 40429 | Depths:1 | 40429 ||| INVOKING Finesse.
 40464 | Depths:1 | Identified the ring "Tathruuxt" {rElec rC+}
 40490 | Depths:1 | 40490 ||| INVOKING Heroism.
 40491 | Depths:1 | 40491 ||| INVOKING Finesse.
 40509 | Depths:1 | 40509 ||| Stepping ~*~*~tactically~*~*~ (stealth).
 40528 | Depths:1 | 40528 ||| Stepping ~*~*~tactically~*~*~ (hiding).
 40544 | Depths:1 | 40544 ||| INVOKING Heroism.
 40545 | Depths:1 | 40545 ||| INVOKING Finesse.
 40634 | Depths:1 | 40634 ||| INVOKING Heroism.
 40657 | Depths:1 | 40657 ||| INVOKING Finesse.
 40744 | Depths:1 | 40744 ||| INVOKING Finesse.
 40789 | Depths:1 | Identified the +1 pair of gloves of Ethics {+Blink rC+}
                  | (Okawaru gifted it to you on level 1 of the Depths)
 40789 | Depths:1 | Received a gift from Okawaru
 40790 | Depths:1 | Reached skill level 21 in Fighting
 40928 | Depths:1 | Found a gateway to Hell.
 41150 | Depths:1 | Found the +8 orange crystal plate armour {Archmagi, Int+3
                  | Clar}
 41216 | Depths:1 | Identified the +3 great sword "Rauq" {pain, Int+3}
 41216 | Depths:1 | Identified the ring "Fagiblus" {*Slow rF+ Int+2 Dex+3
                  | Stlth+}
 41363 | Depths:1 | 41363 ||| Stepping ~*~*~tactically~*~*~ (hiding).
 41684 | Depths:1 | 41684 ||| Stepping ~*~*~tactically~*~*~ (stealth).
 41690 | Depths:1 | 41690 ||| Stepping ~*~*~tactically~*~*~ (hiding).
 41841 | Depths:1 | 41841 ||| UPGRADING to +1 pair of gloves of Ethics {+Blink
                  | rC+}.
 41851 | Depths:1 | 41851 ||| UPGRADING to +8 orange crystal plate armour
                  | {Archmagi, Int+3 Clar}.
 41861 | Depths:1 | 41861 ||| DROPPING +6 plate armour of fire resistance.
 41862 | Depths:1 | 41862 ||| DROPPING ring of ice.
 41928 | Depths:2 | 41928 ||| Stepping ~*~*~tactically~*~*~ (stealth).
 41929 | Depths:2 | 41929 ||| INVOKING Finesse.
 42029 | Depths:2 | 42029 ||| READING scroll of enchant weapon.
 42029 | Depths:2 | 42029 ||| ENCHANTING +4 vampiric broad axe.
 42079 | Depths:2 | 42079 ||| INVOKING Heroism.
 42102 | Depths:2 | 42102 ||| INVOKING Finesse.
 42165 | Depths:2 | Found a portal to a secret trove of treasure.
 42334 | Depths:2 | 42334 ||| Stepping ~*~*~tactically~*~*~ (stealth).
 42337 | Depths:2 | 42337 ||| INVOKING Finesse.
 42411 | Depths:2 | 42411 ||| Stepping ~*~*~tactically~*~*~ (hiding).
 42464 | Depths:2 | 42464 ||| Stepping ~*~*~tactically~*~*~ (stealth).
 42466 | Depths:2 | 42466 ||| Stepping ~*~*~tactically~*~*~ (hiding).
 42554 | Depths:2 | 42554 ||| Stepping ~*~*~tactically~*~*~ (stealth).
 42568 | Depths:2 | 42568 ||| Stepping ~*~*~tactically~*~*~ (stealth).
 42573 | Depths:2 | 42573 ||| Stepping ~*~*~tactically~*~*~ (hiding).
 42576 | Depths:2 | 42576 ||| INVOKING Heroism.
 42577 | Depths:2 | 42577 ||| INVOKING Finesse.
 42594 | Depths:2 | Received a gift from Okawaru
 42648 | Depths:2 | 42648 ||| Stepping ~*~*~tactically~*~*~ (hiding).
 42649 | Depths:2 | 42649 ||| Stepping ~*~*~tactically~*~*~ (hiding).
 42650 | Depths:2 | 42650 ||| INVOKING Heroism.
 42672 | Depths:2 | 42672 ||| INVOKING Heroism.
 42681 | Depths:2 | Received a gift from Okawaru
 42723 | Depths:2 | 42723 ||| Stepping ~*~*~tactically~*~*~ (hiding).
 42741 | Depths:2 | Found a one-way gate leading to the halls of Pandemonium.
 42754 | Depths:2 | 42754 ||| INVOKING Heroism.
 42835 | Depths:2 | Identified the +6 plate armour of Valour {Str+6 Stlth-}
 42960 | Depths:2 | 42960 ||| Stepping ~*~*~tactically~*~*~ (hiding).
 43274 | Depths:3 | 43274 ||| INVOKING Heroism.
 43291 | Depths:3 | 43291 ||| Stepping ~*~*~tactically~*~*~ (hiding).
 43294 | Depths:3 | 43294 ||| Stepping ~*~*~tactically~*~*~ (hiding).
 43301 | Depths:3 | 43301 ||| Stepping ~*~*~tactically~*~*~ (hiding).
 43337 | Depths:3 | 43337 ||| Stepping ~*~*~tactically~*~*~ (hiding).
 43340 | Depths:3 | Noticed a caustic shrike
 43341 | Depths:3 | 43341 ||| INVOKING Finesse.
 43343 | Depths:3 | 43343 ||| INVOKING Heroism.
 43348 | Depths:3 | Reached skill level 21 in Armour
 43357 | Depths:3 | Killed a caustic shrike
 43357 | Depths:3 | Received a gift from Okawaru
 43358 | Depths:3 | Reached XP level 23. HP: 140/160 MP: 23/30
 43407 | Depths:3 | 43407 ||| READING scroll of enchant armour.
 43407 | Depths:3 | 43407 ||| ENCHANTING +1 hat.
 43427 | Depths:3 | 43427 ||| Stepping randomly (disturbance).
 43428 | Depths:3 | 43428 ||| Stepping randomly (disturbance).
 43483 | Depths:3 | 43483 ||| Stepping ~*~*~tactically~*~*~ (stealth).
 43484 | Depths:3 | 43484 ||| Stepping ~*~*~tactically~*~*~ (stealth).
 43611 | Depths:3 | Gained mutation: [Your magical capacity is low. (-10% MP)]
                  | [a shining eye]
 43627 | Depths:3 | 43627 ||| Stepping ~*~*~tactically~*~*~ (hiding).
 43668 | Depths:3 | 43668 ||| Stepping ~*~*~tactically~*~*~ (hiding).
 43702 | Depths:3 | 43702 ||| Stepping ~*~*~tactically~*~*~ (stealth).
 43710 | Depths:3 | 43710 ||| Stepping ~*~*~tactically~*~*~ (stealth).
 43718 | Depths:3 | Received a gift from Okawaru
 43739 | Depths:3 | 43739 ||| Stepping ~*~*~tactically~*~*~ (stealth).
 43741 | Depths:3 | 43741 ||| Stepping ~*~*~tactically~*~*~ (stealth).
 43749 | Depths:3 | 43749 ||| Stepping ~*~*~tactically~*~*~ (stealth).
 43887 | Depths:3 | 43887 ||| Stepping ~*~*~tactically~*~*~ (hiding).
 43903 | Depths:3 | 43903 ||| INVOKING Heroism.
 43916 | Depths:3 | 43916 ||| Stepping ~*~*~tactically~*~*~ (hiding).
 43926 | Depths:3 | 43926 ||| Stepping ~*~*~tactically~*~*~ (hiding).
 43951 | Depths:3 | 43951 ||| FLEEEEING.
 43955 | Depths:3 | 43955 ||| FLEEEEING.
 43956 | Depths:3 | 43956 ||| FLEEEEING.
 43957 | Depths:3 | 43957 ||| FLEEEEING.
 43958 | Depths:3 | 43958 ||| FLEEEEING.
 43959 | Depths:3 | 43959 ||| FLEEEEING.
 43960 | Depths:3 | 43960 ||| FLEEEEING.
 43961 | Depths:3 | 43961 ||| FLEEEEING.
 43962 | Depths:3 | 43962 ||| FLEEEEING.
 43963 | Depths:3 | 43963 ||| FLEEEEING.
 43964 | Depths:3 | 43964 ||| FLEEEEING.
 43965 | Depths:3 | 43965 ||| FLEEEEING.
 43966 | Depths:3 | 43966 ||| FLEEEEING.
 43971 | Depths:3 | 43971 ||| FLEEEEING.
 43972 | Depths:3 | 43972 ||| FLEEEEING.
 43973 | Depths:3 | 43973 ||| FLEEEEING.
 43974 | Depths:3 | 43974 ||| FLEEEEING.
 43975 | Depths:3 | 43975 ||| FLEEEEING.
 43976 | Depths:3 | 43976 ||| FLEEEEING.
 43977 | Depths:3 | 43977 ||| FLEEEEING.
 43978 | Depths:3 | 43978 ||| FLEEEEING.
 43979 | Depths:3 | 43979 ||| FLEEEEING.
 43985 | Depths:3 | 43985 ||| FLEEEEING.
 43990 | Depths:3 | 43990 ||| FLEEEEING.
 43991 | Depths:3 | 43991 ||| FLEEEEING.
 43994 | Depths:3 | 43994 ||| FLEEEEING.
 43995 | Depths:3 | 43995 ||| FLEEEEING.
 44003 | Depths:3 | 44003 ||| FLEEEEING.
 44004 | Depths:3 | 44004 ||| STAIRDANCE
 44189 | Depths:3 | 44189 ||| INVOKING Heroism.
 44236 | Depths:3 | 44236 ||| INVOKING Heroism.
 44241 | Depths:3 | Received a gift from Okawaru
 44263 | Depths:3 | 44263 ||| INVOKING Heroism.
 44296 | Depths:3 | 44296 ||| Stepping ~*~*~tactically~*~*~ (hiding).
 44300 | Depths:3 | 44300 ||| Stepping ~*~*~tactically~*~*~ (hiding).
 44360 | Depths:3 | 44360 ||| Stepping ~*~*~tactically~*~*~ (stealth).
 44372 | Depths:3 | 44372 ||| INVOKING Heroism.
 44394 | Depths:3 | 44394 ||| INVOKING Finesse.
 44432 | Depths:3 | Found a one-way gateway to a ziggurat.
 44520 | Depths:3 | 44520 ||| Stepping ~*~*~tactically~*~*~ (hiding).
 44533 | Depths:3 | 44533 ||| INVOKING Heroism.
 44687 | Depths:3 | 44687 ||| INVOKING Heroism.
 44719 | Depths:3 | 44719 ||| Stepping ~*~*~tactically~*~*~ (hiding).
 44876 | Depths:4 | Entered Level 4 of the Depths
 44970 | Depths:4 | Found an ancient bone altar of Kikubaaqudgha.
 44977 | Depths:4 | 44977 ||| Stepping ~*~*~tactically~*~*~ (stealth).
 44978 | Depths:4 | 44978 ||| Stepping ~*~*~tactically~*~*~ (stealth).
 44980 | Depths:4 | 44980 ||| Stepping ~*~*~tactically~*~*~ (hiding).
 44982 | Depths:4 | 44982 ||| INVOKING Heroism.
 45094 | Depths:4 | Found Big Baal Hell's Store.
 45234 | Depths:4 | 45234 ||| SHOPLISTING 10 scrolls of enchant armour (4950
                  | gold, have 1750).
 45234 | Depths:4 | 45234 ||| SHOPLISTING ring "Giym" {rC+ Will+} (2481 gold,
                  | have 1750).
 45273 | Depths:4 | Received a gift from Okawaru
 45286 | Depths:4 | 45286 ||| Stepping ~*~*~tactically~*~*~ (hiding).
 45386 | Depths:4 | 45386 ||| Stepping ~*~*~tactically~*~*~ (stealth).
 45387 | Depths:4 | 45387 ||| Stepping ~*~*~tactically~*~*~ (stealth).
 45389 | Depths:4 | 45389 ||| Stepping ~*~*~tactically~*~*~ (hiding).
 45412 | Depths:4 | 45412 ||| Stepping ~*~*~tactically~*~*~ (hiding).
 45413 | Depths:4 | 45413 ||| Stepping ~*~*~tactically~*~*~ (hiding).
 45429 | Depths:4 | 45429 ||| Stepping ~*~*~tactically~*~*~ (hiding).
 45551 | Depths:4 | 45551 ||| Stepping ~*~*~tactically~*~*~ (hiding).
 45563 | Depths:4 | 45563 ||| INVOKING Heroism.
 45564 | Depths:4 | 45564 ||| INVOKING Finesse.
 46011 | Depths:4 | Reached skill level 12 in Throwing
 46047 | Depths:4 | 46047 ||| INVOKING Heroism.
 46151 | Depths:4 | 46151 ||| DRINKING 3 potions of cancellation.
 46152 | Depths:4 | 46152 ||| INVOKING Heroism.
 46220 | Depths:4 | Found a gate to the Realm of Zot.
 46231 | Depths:4 | 46231 ||| PLANNING VAULTS:5
 46234 | Depths:4 | 46234 ||| Stepping ~*~*~tactically~*~*~ (hiding).
 46668 | Vaults:5 | Entered Level 5 of the Vaults
 46673 | Vaults:5 | 46673 ||| INVOKING Heroism.
 46681 | Vaults:5 | 46681 ||| INVOKING Finesse.
 46687 | Vaults:5 | Received a gift from Okawaru
 46699 | Vaults:5 | Received a gift from Okawaru
 46778 | Vaults:5 | Identified the staff of conjuration "Aveocrob" {rPois Str+3
                  | SInv}
 46786 | Vaults:5 | 46786 ||| INVOKING Heroism.
 46835 | Vaults:5 | Noticed an ancient lich
 46836 | Vaults:5 | 46836 ||| INVOKING Finesse.
 46851 | Vaults:5 | HP: 33/162 [ancient lich/crystal spear (129)]
 46852 | Vaults:5 | 46852 ||| READING 14 scrolls of teleportation.
 46853 | Vaults:5 | 46853 ||| DRINKING 8 potions of heal wounds.
 46857 | Vaults:5 | Reached XP level 24. HP: 59/168 MP: 24/27
 46864 | Vaults:5 | 46864 ||| INVOKING Heroism.
 46873 | Vaults:5 | Received a gift from Okawaru
 46887 | Vaults:5 | Identified the +2 hat of Seshrua {rC++} (Okawaru gifted it
                  | to you on level 5 of the Vaults)
 46887 | Vaults:5 | Received a gift from Okawaru
 46902 | Vaults:5 | Killed an ancient lich
 46939 | Vaults:5 | 46939 ||| INVOKING Heroism.
 47451 | Vaults:5 | 47451 ||| Stepping ~*~*~tactically~*~*~ (hiding).
 47452 | Vaults:5 | 47452 ||| Stepping ~*~*~tactically~*~*~ (hiding).
 47454 | Vaults:5 | 47454 ||| Stepping ~*~*~tactically~*~*~ (hiding).
 47471 | Vaults:5 | 47471 ||| INVOKING Heroism.
 47521 | Vaults:5 | 47521 ||| READING 2 scrolls of enchant weapon.
 47521 | Vaults:5 | 47521 ||| ENCHANTING +5 vampiric broad axe.
 47522 | Vaults:5 | 47522 ||| READING scroll of enchant weapon.
 47522 | Vaults:5 | 47522 ||| ENCHANTING +6 vampiric broad axe.
 47692 | Vaults:5 | 47692 ||| Stepping ~*~*~tactically~*~*~ (hiding).
 47714 | Vaults:5 | 47714 ||| Stepping ~*~*~tactically~*~*~ (stealth).
 47717 | Vaults:5 | 47717 ||| Stepping ~*~*~tactically~*~*~ (stealth).
 47718 | Vaults:5 | 47718 ||| Stepping ~*~*~tactically~*~*~ (stealth).
 47757 | Vaults:5 | 47757 ||| Stepping ~*~*~tactically~*~*~ (stealth).
 47759 | Vaults:5 | 47759 ||| Stepping ~*~*~tactically~*~*~ (stealth).
 47812 | Abyss:3  | Cast into level 3 of the Abyss (a deep elf sorcerer)
 47961 | Abyss:3  | 47961 ||| Stepping ~*~*~tactically~*~*~ (stealth).
 47962 | Abyss:3  | 47962 ||| Stepping ~*~*~tactically~*~*~ (stealth).
 47964 | Abyss:3  | 47964 ||| Stepping ~*~*~tactically~*~*~ (hiding).
 47966 | Abyss:3  | 47966 ||| Stepping ~*~*~tactically~*~*~ (hiding).
 48070 | Abyss:3  | 48070 ||| Stepping ~*~*~tactically~*~*~ (stealth).
 48074 | Abyss:3  | 48074 ||| Stepping ~*~*~tactically~*~*~ (hiding).
 48075 | Abyss:3  | 48075 ||| Stepping ~*~*~tactically~*~*~ (hiding).
 48100 | Abyss:3  | 48100 ||| Stepping ~*~*~tactically~*~*~ (stealth).
 48102 | Abyss:3  | 48102 ||| Stepping ~*~*~tactically~*~*~ (stealth).
 48103 | Abyss:3  | 48103 ||| Stepping ~*~*~tactically~*~*~ (stealth).
 48111 | Abyss:3  | 48111 ||| Stepping ~*~*~tactically~*~*~ (stealth).
 48112 | Abyss:3  | 48112 ||| Stepping ~*~*~tactically~*~*~ (stealth).
 48113 | Abyss:3  | 48113 ||| Stepping ~*~*~tactically~*~*~ (stealth).
 48114 | Abyss:3  | 48114 ||| Stepping ~*~*~tactically~*~*~ (stealth).
 48115 | Abyss:3  | 48115 ||| Stepping ~*~*~tactically~*~*~ (stealth).
 48116 | Abyss:3  | 48116 ||| Stepping ~*~*~tactically~*~*~ (stealth).
 48147 | Abyss:3  | Identified the +2 cloak "Jaograe" {Dex+3} (Okawaru gifted
                  | it to you on level 3 of the Abyss)
 48147 | Abyss:3  | Received a gift from Okawaru
 48152 | Abyss:3  | 48152 ||| Stepping ~*~*~tactically~*~*~ (hiding).
 48167 | Abyss:3  | 48167 ||| INVOKING Heroism.
 48200 | Abyss:3  | 48200 ||| Stepping ~*~*~tactically~*~*~ (stealth).
 48203 | Abyss:3  | 48203 ||| Stepping ~*~*~tactically~*~*~ (stealth).
 48206 | Abyss:3  | 48206 ||| Stepping ~*~*~tactically~*~*~ (stealth).
 48220 | Abyss:3  | 48220 ||| Stepping ~*~*~tactically~*~*~ (stealth).
 48249 | Abyss:3  | 48249 ||| Stepping ~*~*~tactically~*~*~ (stealth).
 48261 | Abyss:3  | 48261 ||| Stepping ~*~*~tactically~*~*~ (hiding).
 48262 | Abyss:3  | 48262 ||| Stepping ~*~*~tactically~*~*~ (hiding).
 48264 | Abyss:3  | Gained mutation: [Your body often deteriorates upon taking
                  | damage.] [a neqoxec]
 48282 | Abyss:3  | 48282 ||| DRINKING 5 potions of mutation.
 48282 | Abyss:3  | Lost mutation: You have a pair of small antennae on your
                  | head. [potion of mutation]
 48282 | Abyss:3  | Lost mutation: You are partially covered in iridescent
                  | scales. (AC +2) [potion of mutation]
 48282 | Abyss:3  | Gained mutation: You possess an exceptional clarity of
                  | mind. [potion of mutation]
 48282 | Abyss:3  | Gained mutation: You are partially covered in iridescent
                  | scales. (AC +2) [potion of mutation]
 48283 | Abyss:3  | 48283 ||| DRINKING 4 potions of mutation.
 48283 | Abyss:3  | Lost mutation: [Your body often deteriorates upon taking
                  | damage.] [potion of mutation]
 48283 | Abyss:3  | Lost mutation: You are partially covered in iridescent
                  | scales. (AC +2) [potion of mutation]
 48283 | Abyss:3  | Gained mutation: You are clumsy. (Dex -2) [potion of
                  | mutation]
 48283 | Abyss:3  | Gained mutation: You expend magic power (3 MP) to
                  | strengthen your wands. [potion of mutation]
 48313 | Abyss:3  | 48313 ||| Stepping ~*~*~tactically~*~*~ (hiding).
 48315 | Abyss:3  | 48315 ||| Stepping ~*~*~tactically~*~*~ (hiding).
 48318 | Abyss:3  | 48318 ||| INVOKING Heroism.
 48342 | Abyss:3  | 48342 ||| Stepping ~*~*~tactically~*~*~ (stealth).
 48355 | Abyss:4  | Found a corrupted altar of Lugonu.
 48356 | Abyss:4  | 48356 ||| DROPPING +0 cloak of Buomn {Rampage}.
 48357 | Abyss:4  | 48357 ||| UPGRADING to +2 cloak "Jaograe" {Dex+3}.
 48367 | Abyss:4  | 48367 ||| UPGRADING to +2 hat of Seshrua {rC++}.
 48377 | Abyss:4  | 48377 ||| DROPPING +2 hat.
 48378 | Abyss:4  | 48378 ||| Stepping ~*~*~tactically~*~*~ (stealth).
 48379 | Abyss:4  | 48379 ||| Stepping ~*~*~tactically~*~*~ (stealth).
 48381 | Abyss:4  | 48381 ||| Stepping ~*~*~tactically~*~*~ (hiding).
 48402 | Abyss:4  | 48402 ||| INVOKING Heroism.
 48416 | Vaults:5 | Escaped the Abyss
 48425 | Vaults:5 | 48425 ||| Stepping ~*~*~tactically~*~*~ (hiding).
 48443 | Vaults:5 | 48443 ||| Stepping ~*~*~tactically~*~*~ (hiding).
 48510 | Vaults:5 | Got a silver rune of Zot
 48513 | Vaults:5 | Identified the ring "Xoosokke" {rPois Will+}
 48605 | Vaults:5 | Found the dreamshard necklace {Acrobat *Dream}
 48605 | Vaults:5 | Found the ring of the Octopus King
 48608 | Vaults:5 | Identified a ring of the Octopus King {rF+ HP+2 AC+2 EV+2
                  | SH+2}
 48610 | Vaults:5 | Identified the ring "Saawnij" {rF+ MP+9 Int+6 Dex+4}
 48617 | Vaults:5 | Identified the +3 sling of Famine {drain, rCorr Dex+2}
 48675 | Vaults:5 | 48675 ||| Stepping ~*~*~tactically~*~*~ (stealth).
 48677 | Vaults:5 | 48677 ||| Stepping ~*~*~tactically~*~*~ (hiding).
 48679 | Vaults:5 | Paralysed by a sphinx for 4 turns
 48717 | Vaults:5 | 48717 ||| Stepping ~*~*~tactically~*~*~ (hiding).
 48719 | Vaults:5 | 48719 ||| INVOKING Heroism.
 48740 | Vaults:5 | 48740 ||| Stepping ~*~*~tactically~*~*~ (hiding).
 48763 | Vaults:5 | 48763 ||| INVOKING Heroism.
 48781 | Vaults:5 | 48781 ||| Stepping ~*~*~tactically~*~*~ (hiding).
 48808 | Vaults:5 | 48808 ||| FLEEEEING.
 48809 | Vaults:5 | 48809 ||| FLEEEEING.
 48810 | Vaults:5 | 48810 ||| FLEEEEING.
 48823 | Vaults:5 | 48823 ||| FLEEEEING.
 48824 | Vaults:5 | 48824 ||| FLEEEEING.
 48825 | Vaults:5 | 48825 ||| FLEEEEING.
 48826 | Vaults:5 | 48826 ||| FLEEEEING.
 48827 | Vaults:5 | 48827 ||| FLEEEEING.
 48828 | Vaults:5 | 48828 ||| FLEEEEING.
 48830 | Vaults:5 | 48830 ||| FLEEEEING.
 48831 | Vaults:5 | 48831 ||| FLEEEEING.
 48834 | Vaults:5 | 48834 ||| STAIRDANCE
 48936 | Vaults:4 | 48936 ||| DROPPING ring "Xoosokke" {rPois Will+}.
 48937 | Vaults:4 | 48937 ||| UPGRADING to ring of the Octopus King {rF+ HP+2
                  | AC+2 EV+2 SH+2}.
 48940 | Vaults:4 | 48940 ||| DROPPING ring of protection from fire.
 48941 | Vaults:4 | 48941 ||| DROPPING ring "Fagiblus" {*Slow rF+ Int+2 Dex+3
                  | Stlth+}.
 48942 | Vaults:4 | 48942 ||| UPGRADING to +5 ring of evasion.
 48944 | Vaults:4 | 48944 ||| DROPPING +6 ring of strength.
 48953 | Vaults:5 | 48953 ||| INVOKING Heroism.
 48976 | Vaults:5 | Noticed an ancient lich
 48977 | Vaults:5 | 48977 ||| INVOKING Heroism.
 48997 | Vaults:5 | Killed an ancient lich
 49015 | Vaults:5 | 49015 ||| Stepping ~*~*~tactically~*~*~ (hiding).
 49016 | Vaults:5 | 49016 ||| Stepping ~*~*~tactically~*~*~ (hiding).
 49106 | Vaults:5 | 49106 ||| Stepping ~*~*~tactically~*~*~ (stealth).
 49115 | Vaults:5 | Reached skill level 24 in Fighting
 49265 | Vaults:5 | Identified the +4 ring mail "Piolyt" {Slay+2}
 49319 | Vaults:5 | Identified the +5 eveningstar of Isaer {pain, Contam rElec
                  | rF+ Will++}
 49320 | Vaults:5 | 49320 ||| Stepping ~*~*~tactically~*~*~ (stealth).
 49326 | Vaults:5 | 49326 ||| Stepping ~*~*~tactically~*~*~ (hiding).
 49357 | Vaults:5 | Identified the +0 bardiche of Objectivity {speed, rPois
                  | Int+4}
 49528 | Vaults:5 | 49528 ||| PLANNING SHOPPING SPREE
 49739 | Orc:2    | 49739 ||| RIP BAZAAR
 49805 | Orc:2    | 49805 ||| BUYING scroll of enchant armour (135 gold).
 49805 | Orc:2    | Bought a scroll of enchant armour for 135 gold pieces
 49805 | Orc:2    | 49805 ||| BUYING scroll of enchant armour (135 gold).
 49805 | Orc:2    | Bought a scroll of enchant armour for 135 gold pieces
 50010 | Shoals:2 | 50010 ||| BUYING amulet of reflection (330 gold).
 50010 | Shoals:2 | Bought an amulet of reflection for 330 gold pieces
 50010 | Shoals:2 | 50010 ||| DROPPING dreamshard necklace {Acrobat *Dream}.
 50155 | D:8      | 50155 ||| BUYING +1 helmet (149 gold).
 50155 | D:8      | Bought a +1 helmet for 149 gold pieces
 50301 | D:15     | 50301 ||| BUYING amulet of the Four Winds {rN+ Will+++
                  | Clar} (971 gold).
 50301 | D:15     | Bought the amulet of the Four Winds {rN+ Will+++ Clar} for
                  | 971 gold pieces
 50301 | D:15     | Found the amulet of the Four Winds {rN+ Will+++ Clar}
 50335 | D:15     | 50335 ||| BUYING +2 shield of Resistance {rF++ rC++ Will++}
                  | (916 gold).
 50335 | D:15     | Bought the +2 shield of Resistance {rF++ rC++ Will++} for
                  | 916 gold pieces
 50335 | D:15     | Found the +2 shield of Resistance {rF++ rC++ Will++}
 50474 | Vaults:1 | 50474 ||| CLEARING SHOPPING LIST
 50474 | Vaults:1 | 50474 ||| PLANNING ZOT:1-4
 50725 | Depths:3 | 50725 ||| Stepping ~*~*~tactically~*~*~ (stealth).
 50805 | Zot:1    | Entered Level 1 of the Realm of Zot
 50838 | Zot:1    | 50838 ||| INVOKING Heroism.
 50844 | Zot:1    | Received a gift from Okawaru
 50845 | Zot:1    | Reached XP level 25. HP: 131/178 MP: 26/27
 50894 | Zot:1    | 50894 ||| READING scroll of enchant weapon.
 50894 | Zot:1    | 50894 ||| ENCHANTING +7 vampiric broad axe.
 50933 | Zot:1    | 50933 ||| INVOKING Heroism.
 51079 | Zot:1    | Received a gift from Okawaru
 51121 | Zot:1    | 51121 ||| Stepping ~*~*~tactically~*~*~ (hiding).
 51137 | Zot:1    | 51137 ||| Stepping ~*~*~tactically~*~*~ (hiding).
 51141 | Zot:1    | 51141 ||| Stepping ~*~*~tactically~*~*~ (hiding).
 51143 | Zot:1    | 51143 ||| Stepping ~*~*~tactically~*~*~ (hiding).
 51271 | Zot:1    | You are sucked into a shaft and drop 1 floor!
 51304 | Zot:2    | 51304 ||| INVOKING Heroism.
 51384 | Zot:2    | 51384 ||| READING 18 scrolls of teleportation.
 51385 | Zot:2    | 51385 ||| INVOKING Heroism.
 51396 | Zot:2    | HP: 44/183 [constriction (5)]
 51397 | Zot:2    | 51397 ||| DRINKING 8 potions of heal wounds.
 51398 | Zot:2    | 51398 ||| READING 17 scrolls of teleportation.
 51399 | Zot:2    | 51399 ||| ZAPPING wand of digging (17).
 51400 | Zot:2    | 51400 ||| ZAPPING wand of digging (16).
 51414 | Zot:2    | 51414 ||| DRINKING 2 potions of cancellation.
 51415 | Zot:2    | 51415 ||| ZAPPING wand of digging (15).
 51416 | Zot:2    | 51416 ||| ZAPPING wand of digging (14).
 51417 | Zot:2    | 51417 ||| ZAPPING wand of digging (13).
 51449 | Zot:2    | Received a gift from Okawaru
 51539 | Zot:2    | 51539 ||| INVOKING Heroism.
 51546 | Zot:2    | 51546 ||| ZAPPING wand of digging (12).
 51809 | Zot:2    | Noticed Parghit
 51810 | Zot:2    | 51810 ||| Stepping ~*~*~tactically~*~*~ (hiding).
 51812 | Zot:2    | 51812 ||| INVOKING Heroism.
 51813 | Zot:2    | 51813 ||| INVOKING Finesse.
 51856 | Zot:2    | Killed Parghit
 51884 | Zot:2    | 51884 ||| ZAPPING wand of digging (11).
 51885 | Zot:2    | 51885 ||| Stepping ~*~*~tactically~*~*~ (hiding).
 51898 | Zot:2    | 51898 ||| FLEEEEING.
 52333 | Zot:2    | 52333 ||| ZAPPING wand of digging (10).
 52335 | Zot:2    | 52335 ||| INVOKING Heroism.
 52724 | Zot:3    | 52724 ||| INVOKING Heroism.
 52753 | Zot:3    | 52753 ||| Stepping ~*~*~tactically~*~*~ (stealth).
 52756 | Zot:3    | 52756 ||| INVOKING Heroism.
 52833 | Zot:3    | 52833 ||| Stepping ~*~*~tactically~*~*~ (stealth).
 52834 | Zot:3    | 52834 ||| Stepping ~*~*~tactically~*~*~ (stealth).
 52835 | Zot:3    | 52835 ||| Stepping ~*~*~tactically~*~*~ (stealth).
 52837 | Zot:3    | 52837 ||| Stepping ~*~*~tactically~*~*~ (hiding).
 52838 | Zot:3    | 52838 ||| Stepping ~*~*~tactically~*~*~ (hiding).
 52840 | Zot:3    | 52840 ||| Stepping ~*~*~tactically~*~*~ (hiding).
 52842 | Zot:3    | 52842 ||| Stepping ~*~*~tactically~*~*~ (hiding).
 52865 | Zot:3    | 52865 ||| INVOKING Heroism.
 52885 | Zot:3    | Reached skill level 15 in Throwing
 52898 | Zot:3    | Received a gift from Okawaru
 52963 | Zot:3    | 52963 ||| Stepping randomly (disturbance).
 53141 | Zot:3    | 53141 ||| INVOKING Heroism.
 53205 | Zot:3    | 53205 ||| Stepping ~*~*~tactically~*~*~ (hiding).
 53223 | Zot:3    | 53223 ||| INVOKING Heroism.
 53284 | Zot:3    | 53284 ||| INVOKING Heroism.
 53359 | Zot:3    | 53359 ||| INVOKING Heroism.
 53367 | Zot:3    | Reached XP level 26. HP: 189/189 MP: 1/27
 53763 | Zot:3    | 53763 ||| UPGRADING to +1 cloak of willpower.
 53773 | Zot:3    | 53773 ||| READING 2 scrolls of enchant armour.
 53773 | Zot:3    | 53773 ||| ENCHANTING +1 cloak of willpower.
 53844 | Zot:4    | Paralysed by a Zot trap for 5 turns
 53850 | Zot:4    | 53850 ||| INVOKING Heroism.
 54134 | Zot:4    | Identified the staff of fire "Dinlot" {rF+ rN+ Will+ rCorr}
 54148 | Zot:4    | Identified the +7 scimitar of Superiority {venom, Stlth+}
 54148 | Zot:4    | Identified the ring "Asacwoyn" {Int+4 SInv}
 54152 | Zot:4    | Found a transporter.
 54152 | Zot:4    | Found a transporter.
 54159 | Zot:4    | 54159 ||| INVOKING Heroism.
 54418 | Zot:4    | 54418 ||| Stepping ~*~*~tactically~*~*~ (hiding).
 54636 | Zot:4    | 54636 ||| INVOKING Heroism.
 54656 | Zot:4    | Received a gift from Okawaru
 54689 | Zot:4    | 54689 ||| DROPPING +1 war axe of electrocution.
 54825 | Zot:4    | 54825 ||| INVOKING Heroism.
 54902 | Zot:4    | 54902 ||| Stepping ~*~*~tactically~*~*~ (hiding).
 54939 | Zot:4    | 54939 ||| Stepping ~*~*~tactically~*~*~ (stealth).
 54956 | Zot:4    | 54956 ||| Stepping ~*~*~tactically~*~*~ (stealth).
 55042 | Zot:4    | 55042 ||| INVOKING Heroism.
 55074 | Zot:4    | 55074 ||| PLANNING SLIME:5
 55074 | Zot:4    | 55074 ||| UPGRADING to +7 war axe of the Ten Thickets
                  | {flame, Drain Will- rCorr Str+8}.
 55075 | Zot:4    | 55075 ||| UPGRADING to +2 cloak "Jaograe" {Dex+3}.
 55522 | Slime:1  | Entered Level 1 of the Pits of Slime
 55530 | Slime:1  | Gained mutation: You are dopey. (Int -2) [a shining eye]
 55577 | Slime:2  | 55577 ||| STAIRDANCE
 55584 | Slime:2  | 55584 ||| STAIRDANCE
 55600 | Slime:2  | 55600 ||| STAIRDANCE
 55622 | Slime:1  | Received a gift from Okawaru
 55622 | Slime:1  | Gained mutation: You are very clumsy. (Dex -4) [a shining
                  | eye]
 55624 | Slime:1  | Gained mutation: [Potions are less effective at restoring
                  | your health.] [a shining eye]
 55628 | Slime:1  | Gained mutation: [Your spells are a little easier to cast,
                  | but a little less powerful.] [a shining eye]
 55629 | Slime:1  | Gained mutation: You are weak. (Str -2) [a shining eye]
 55633 | Slime:1  | Gained mutation: You are partially covered in iridescent
                  | scales. (AC +2) [a shining eye]
 55656 | Slime:1  | 55656 ||| DRINKING 3 potions of mutation.
 55656 | Slime:1  | Lost mutation: You are dopey. (Int -2) [potion of mutation]
 55656 | Slime:1  | Lost mutation: [Your magical capacity is low. (-10% MP)]
                  | [potion of mutation]
 55656 | Slime:1  | Gained mutation: You have an increased reservoir of magic.
                  | (+10% MP) [potion of mutation]
 55657 | Slime:1  | 55657 ||| DRINKING 2 potions of mutation.
 55657 | Slime:1  | Lost mutation: [Potions are less effective at restoring
                  | your health.] [potion of mutation]
 55657 | Slime:1  | Lost mutation: You expend magic power (3 MP) to strengthen
                  | your wands. [potion of mutation]
 55657 | Slime:1  | Lost mutation: You are partially covered in iridescent
                  | scales. (AC +2) [potion of mutation]
 55657 | Slime:1  | Lost mutation: You are very clumsy. (Dex -4) [potion of
                  | mutation]
 55683 | Slime:2  | Reached skill level 9 in Dodging
 55713 | Slime:4  | Noticed Dissolution
 55714 | Slime:4  | 55714 ||| STAIRDANCE
 55721 | Slime:4  | 55721 ||| STAIRDANCE
 55730 | Slime:3  | Paralysed by a floating eye for 2 turns
 55734 | Slime:3  | 55734 ||| INVOKING Heroism.
 55739 | Slime:3  | Killed Dissolution
 55739 | Slime:3  | Received a gift from Okawaru
 55808 | Slime:4  | 55808 ||| STAIRDANCE
 55814 | Slime:3  | Received a gift from Okawaru
 55825 | Slime:4  | 55825 ||| STAIRDANCE
 55838 | Slime:4  | 55838 ||| STAIRDANCE
 55838 | Slime:4  | Gained mutation: You are very weak. (Str -4) [a shining
                  | eye]
 55851 | Slime:4  | 55851 ||| STAIRDANCE
 55958 | Slime:4  | Lost mutation: You have an increased reservoir of magic.
                  | (+10% MP) [a shining eye]
 55965 | Slime:5  | Entered Level 5 of the Pits of Slime
 55968 | Slime:5  | Reached skill level 27 in Fighting
 55998 | Slime:5  | Noticed the Royal Jelly
 55999 | Slime:5  | 55999 ||| INVOKING Heroism.
 56000 | Slime:5  | 56000 ||| INVOKING Finesse.
 56013 | Slime:5  | Killed the Royal Jelly
 56013 | Slime:5  | Received a gift from Okawaru
 56038 | Slime:5  | Gained mutation: [Your magical capacity is low. (-10% MP)]
                  | [a shining eye]
 56108 | Slime:5  | Identified the +10 quarterstaff of Wariness {protect, rElec
                  | rF- Str+3 Int+2}
 56118 | Slime:5  | Identified the +3 plate armour of Greed {Fly Will+ Regen+}
 56126 | Slime:5  | Received a gift from Okawaru
 56184 | Slime:5  | 56184 ||| DROPPING +0 heavy war axe.
 56185 | Slime:5  | Identified the staff of fire "Wycedofe" {rPois rF+ Str+3
                  | Dex+3}
 56201 | Slime:5  | 56201 ||| DROPPING +2 pair of gloves.
 56214 | Slime:5  | Got a slimy rune of Zot
 56223 | Slime:5  | Identified the staff of fire "Emukk" {rF+ rN++}
 56661 | Slime:5  | 56661 ||| PLANNING THE SHINING ONE WORSHIP
 56661 | Slime:5  | 56661 ||| UPGRADING to +8 vampiric broad axe.
 56662 | Slime:5  | 56662 ||| READING scroll of enchant weapon.
 56662 | Slime:5  | 56662 ||| ENCHANTING +8 vampiric broad axe.
 56663 | Slime:5  | 56663 ||| DROPPING +7 kite shield "Heonog" {rElec rCorr
                  | Str-4 Dex+8}.
 56664 | Slime:5  | 56664 ||| DROPPING +0 acid dragon scales.
 56665 | Slime:5  | 56665 ||| DROPPING +0 chain mail "Rauc" {Fly rF- rCorr
                  | Stlth-}.
 56666 | Slime:5  | 56666 ||| UPGRADING to +2 cloak of willpower.
 56676 | Slime:5  | 56676 ||| DROPPING +0 pair of boots of rampaging.
 56677 | Slime:5  | 56677 ||| DROPPING amulet of regeneration.
 56678 | Slime:5  | 56678 ||| DROPPING ring of resist corrosion.
 56860 | D:8      | 56860 ||| UPGRADING to +4 broad axe of electrocution.
 56861 | D:8      | 56861 ||| UPGRADING to +7 war axe of the Ten Thickets
                  | {flame, Drain Will- rCorr Str+8}.
 56862 | D:8      | Fell from the grace of Okawaru
 56862 | D:8      | Became a worshipper of the Shining One
 56863 | D:8      | 56863 ||| PLANNING CRYPT
 57081 | Crypt:1  | Entered Level 1 of the Crypt
 57195 | Crypt:1  | 57195 ||| Stepping ~*~*~tactically~*~*~ (stealth).
 57199 | Crypt:1  | Reached * piety under the Shining One
 57216 | Crypt:1  | Reached skill level 12 in Invocations
 57257 | Crypt:1  | 57257 ||| FLEEEEING.
 57258 | Crypt:1  | 57258 ||| FLEEEEING.
 57259 | Crypt:1  | 57259 ||| FLEEEEING.
 57260 | Crypt:1  | 57260 ||| FLEEEEING.
 57261 | Crypt:1  | 57261 ||| FLEEEEING.
 57262 | Crypt:1  | 57262 ||| FLEEEEING.
 57263 | Crypt:1  | 57263 ||| FLEEEEING.
 57264 | Crypt:1  | 57264 ||| FLEEEEING.
 57265 | Crypt:1  | 57265 ||| FLEEEEING.
 57266 | Crypt:1  | 57266 ||| FLEEEEING.
 57267 | Crypt:1  | 57267 ||| FLEEEEING.
 57268 | Crypt:1  | 57268 ||| FLEEEEING.
 57269 | Crypt:1  | 57269 ||| FLEEEEING.
 57270 | Crypt:1  | 57270 ||| FLEEEEING.
 57271 | Crypt:1  | 57271 ||| FLEEEEING.
 57272 | Crypt:1  | 57272 ||| FLEEEEING.
 57274 | Crypt:1  | 57274 ||| FLEEEEING.
 57279 | Crypt:1  | 57279 ||| FLEEEEING.
 57280 | Crypt:1  | 57280 ||| FLEEEEING.
 57281 | Crypt:1  | 57281 ||| FLEEEEING.
 57282 | Crypt:1  | 57282 ||| FLEEEEING.
 57283 | Crypt:1  | 57283 ||| FLEEEEING.
 57284 | Crypt:1  | 57284 ||| FLEEEEING.
 57378 | Crypt:1  | Identified the ring of Uffon {Ice Fly rElec Dex-5 Stlth-}
 57378 | Crypt:1  | Noticed Josephina
 57379 | Crypt:1  | 57379 ||| Stepping ~*~*~tactically~*~*~ (stealth).
 57381 | Crypt:1  | 57381 ||| Stepping ~*~*~tactically~*~*~ (stealth).
 57383 | Crypt:1  | Reached ** piety under the Shining One
 57407 | Crypt:1  | Killed Josephina
 57470 | Crypt:1  | Noticed Mennas
 57471 | Crypt:1  | 57471 ||| Stepping ~*~*~tactically~*~*~ (hiding).
 57538 | Crypt:1  | Killed Mennas
 57649 | Crypt:1  | 57649 ||| Stepping ~*~*~tactically~*~*~ (stealth).
 57653 | Crypt:1  | 57653 ||| Stepping ~*~*~tactically~*~*~ (stealth).
 57654 | Crypt:1  | 57654 ||| Stepping ~*~*~tactically~*~*~ (stealth).
 57683 | Crypt:1  | 57683 ||| Stepping ~*~*~tactically~*~*~ (hiding).
 57684 | Crypt:1  | 57684 ||| Stepping ~*~*~tactically~*~*~ (hiding).
 57685 | Crypt:1  | 57685 ||| Stepping ~*~*~tactically~*~*~ (hiding).
 57864 | Crypt:1  | Reached *** piety under the Shining One
 57898 | Crypt:1  | 57898 ||| Stepping ~*~*~tactically~*~*~ (hiding).
 57963 | Crypt:1  | Noticed Grunn
 57964 | Crypt:1  | 57964 ||| Stepping ~*~*~tactically~*~*~ (stealth).
 57964 | Crypt:1  | Reached **** piety under the Shining One
 57965 | Crypt:1  | 57965 ||| Stepping ~*~*~tactically~*~*~ (stealth).
 57966 | Crypt:1  | 57966 ||| INVOKING Cleansing Flame.
 57994 | Crypt:1  | Killed Grunn
 57997 | Crypt:1  | Reached XP level 27. HP: 120/199 MP: 29/30
 58412 | Crypt:1  | 58412 ||| DROPPING ring "Poquo" {Ice rCorr Str-4 SInv}.
 58503 | Crypt:2  | Reached ***** piety under the Shining One
 58542 | Crypt:2  | 58542 ||| Stepping ~*~*~tactically~*~*~ (stealth).
 58543 | Crypt:2  | 58543 ||| Stepping ~*~*~tactically~*~*~ (stealth).
 58622 | Crypt:2  | Reached skill level 15 in Invocations
 58622 | Crypt:2  | 58622 ||| FLEEEEING.
 58624 | Crypt:2  | 58624 ||| FLEEEEING.
 58625 | Crypt:2  | 58625 ||| FLEEEEING.
 58701 | Crypt:2  | 58701 ||| Stepping ~*~*~tactically~*~*~ (cloud).
 58933 | Crypt:2  | Reached ****** piety under the Shining One
 58957 | Crypt:2  | 58957 ||| INVOKING Brand Weapon With Holy Wrath.
 58957 | Crypt:2  | Identified a +9 broad axe of holy wrath (a +9 vampiric
                  | broad axe blessed by the Shining One)
 58957 | Crypt:2  | Received a gift from the Shining One
 58958 | Crypt:2  | 58958 ||| DROPPING +4 broad axe of electrocution.
 58959 | Crypt:2  | 58959 ||| UPGRADING to +9 broad axe of holy wrath.
 59220 | Crypt:2  | 59220 ||| Stepping ~*~*~tactically~*~*~ (stealth).
 59473 | Crypt:3  | Entered Level 3 of the Crypt
 59620 | Crypt:3  | 59620 ||| Stepping ~*~*~tactically~*~*~ (hiding).
 59622 | Crypt:3  | 59622 ||| Stepping ~*~*~tactically~*~*~ (hiding).
 59623 | Crypt:3  | 59623 ||| Stepping ~*~*~tactically~*~*~ (hiding).
 60021 | Crypt:3  | Found the +6 Majin-Bo {spellvamp, MP+6 Int+6}
 60067 | Crypt:3  | 60067 ||| Stepping ~*~*~tactically~*~*~ (hiding).
 60077 | Crypt:3  | 60077 ||| Stepping ~*~*~tactically~*~*~ (hiding).
 60118 | Crypt:3  | 60118 ||| Stepping ~*~*~tactically~*~*~ (stealth).
 60178 | Crypt:3  | 60178 ||| Stepping ~*~*~tactically~*~*~ (hiding).
 60214 | Crypt:3  | 60214 ||| Stepping ~*~*~tactically~*~*~ (stealth).
 60215 | Crypt:3  | 60215 ||| Stepping ~*~*~tactically~*~*~ (stealth).
 60217 | Crypt:3  | 60217 ||| Stepping ~*~*~tactically~*~*~ (hiding).
 60219 | Crypt:3  | 60219 ||| Stepping ~*~*~tactically~*~*~ (hiding).
 60340 | Crypt:3  | 60340 ||| Stepping ~*~*~tactically~*~*~ (hiding).
 60368 | Crypt:3  | 60368 ||| Stepping ~*~*~tactically~*~*~ (hiding).
 60610 | Crypt:3  | 60610 ||| Stepping ~*~*~tactically~*~*~ (stealth).
 60613 | Crypt:3  | 60613 ||| Stepping ~*~*~tactically~*~*~ (stealth).
 60647 | Crypt:3  | Found a staircase to the Tomb.
 60700 | Crypt:3  | Found an ancient bone altar of Kikubaaqudgha.
 60706 | Crypt:3  | 60706 ||| INVOKING Summon Divine Warrior.
 60709 | Crypt:3  | 60709 ||| INVOKING Cleansing Flame.
 60710 | Crypt:3  | 60710 ||| INVOKING Cleansing Flame.
 60791 | Crypt:3  | Identified the ring "Hero's Friend" {*Slow rN+ Int+6
                  | Slay+3}
 60791 | Crypt:3  | Identified the ring "Tely" {rElec rC- rN+ Will++ Int+3}
 60791 | Crypt:3  | Identified the ring of Qoukhloupn {Drain rPois rN+ rCorr
                  | Dex+8}
 60965 | Crypt:3  | 60965 ||| Stepping ~*~*~tactically~*~*~ (hiding).
 60970 | Crypt:3  | 60970 ||| INVOKING Cleansing Flame.
 60971 | Crypt:3  | 60971 ||| INVOKING Summon Divine Warrior.
 60985 | Crypt:3  | Noticed a dread lich
 60992 | Crypt:3  | Killed a dread lich
 60993 | Crypt:3  | Reached skill level 18 in Invocations
 61046 | Crypt:3  | 61046 ||| PLANNING TOMB
 61046 | Crypt:3  | 61046 ||| DROPPING ring "Hero's Friend" {*Slow rN+ Int+6
                  | Slay+3}.
 61047 | Crypt:3  | 61047 ||| DROPPING ring "Tely" {rElec rC- rN+ Will++
                  | Int+3}.
 61048 | Crypt:3  | 61048 ||| DROPPING ring of Qoukhloupn {Drain rPois rN+
                  | rCorr Dex+8}.
 61049 | Crypt:3  | 61049 ||| DROPPING +6 ring of intelligence.
 61122 | Tomb:1   | Entered Level 1 of the Tomb of the Ancients
 61444 | Tomb:1   | Noticed a royal mummy
 61445 | Tomb:1   | 61445 ||| INVOKING Summon Divine Warrior.
 61448 | Tomb:1   | Noticed a royal mummy
 61449 | Tomb:1   | Noticed a royal mummy
 61452 | Tomb:1   | Noticed a royal mummy
 61455 | Tomb:1   | 61455 ||| INVOKING Cleansing Flame.
 61456 | Tomb:1   | 61456 ||| INVOKING Cleansing Flame.
 61457 | Tomb:1   | 61457 ||| INVOKING Summon Divine Warrior.
 61462 | Tomb:1   | 61462 ||| INVOKING Summon Divine Warrior.
 61463 | Tomb:1   | 61463 ||| DRINKING 3 potions of magic.
 61464 | Tomb:1   | 61464 ||| INVOKING Cleansing Flame.
 61464 | Tomb:1   | Killed a royal mummy
 61465 | Tomb:1   | 61465 ||| INVOKING Cleansing Flame.
 61465 | Tomb:1   | HP: 50/201 [??? (10)]
 61466 | Tomb:1   | 61466 ||| READING 18 scrolls of teleportation.
 61467 | Tomb:1   | 61467 ||| DRINKING 9 potions of heal wounds.
 61686 | Tomb:1   | 61686 ||| INVOKING Summon Divine Warrior.
 61691 | Tomb:1   | Killed a royal mummy
 61788 | Tomb:1   | 61788 ||| Stepping ~*~*~tactically~*~*~ (hiding).
 61793 | Tomb:1   | 61793 ||| INVOKING Cleansing Flame.
 61794 | Tomb:1   | 61794 ||| INVOKING Cleansing Flame.
 61843 | Tomb:1   | 61843 ||| INVOKING Cleansing Flame.
 61852 | Tomb:1   | 61852 ||| FLEEEEING.
 61855 | Tomb:1   | 61855 ||| INVOKING Cleansing Flame.
 61905 | Tomb:1   | 61905 ||| Stepping ~*~*~tactically~*~*~ (hiding).
 61910 | Tomb:1   | 61910 ||| INVOKING Cleansing Flame.
 61912 | Tomb:1   | 61912 ||| FLEEEEING.
 61916 | Tomb:1   | 61916 ||| FLEEEEING.
 61917 | Tomb:1   | 61917 ||| FLEEEEING.
 61918 | Tomb:1   | 61918 ||| FLEEEEING.
 61919 | Tomb:1   | 61919 ||| FLEEEEING.
 61920 | Tomb:1   | 61920 ||| FLEEEEING.
 61921 | Tomb:1   | 61921 ||| FLEEEEING.
 61971 | Tomb:1   | 61971 ||| Stepping ~*~*~tactically~*~*~ (stealth).
 61976 | Tomb:1   | 61976 ||| Stepping ~*~*~tactically~*~*~ (stealth).
 61977 | Tomb:1   | 61977 ||| INVOKING Summon Divine Warrior.
 61978 | Tomb:1   | 61978 ||| INVOKING Cleansing Flame.
 61981 | Tomb:1   | Killed a royal mummy
 61983 | Tomb:1   | 61983 ||| INVOKING Cleansing Flame.
 62093 | Tomb:1   | Identified the +2 rapier of Misery {drain, rPois rF+}
 62104 | Tomb:1   | 62104 ||| INVOKING Cleansing Flame.
 62602 | Tomb:1   | 62602 ||| Stepping ~*~*~tactically~*~*~ (stealth).
 62603 | Tomb:1   | 62603 ||| Stepping ~*~*~tactically~*~*~ (stealth).
 62606 | Tomb:1   | 62606 ||| INVOKING Summon Divine Warrior.
 62611 | Tomb:1   | 62611 ||| INVOKING Cleansing Flame.
 62614 | Tomb:1   | Killed a royal mummy
 62723 | Tomb:2   | 62723 ||| DRINKING 5 potions of haste.
 62724 | Tomb:2   | 62724 ||| DRINKING 5 potions of attraction.
 62725 | Tomb:2   | Noticed a royal mummy
 62725 | Tomb:2   | Noticed a royal mummy
 62725 | Tomb:2   | Noticed a royal mummy
 62725 | Tomb:2   | Noticed a royal mummy
 62726 | Tomb:2   | 62726 ||| INVOKING Cleansing Flame.
 62727 | Tomb:2   | 62727 ||| INVOKING Cleansing Flame.
 62728 | Tomb:2   | 62728 ||| INVOKING Cleansing Flame.
 62729 | Tomb:2   | 62729 ||| INVOKING Cleansing Flame.
 62730 | Tomb:2   | 62730 ||| INVOKING Cleansing Flame.
 62731 | Tomb:2   | 62731 ||| INVOKING Summon Divine Warrior.
 62732 | Tomb:2   | 62732 ||| INVOKING Cleansing Flame.
 62732 | Tomb:2   | Killed a royal mummy
 62733 | Tomb:2   | Killed a royal mummy
 62734 | Tomb:2   | Killed a royal mummy
 62736 | Tomb:2   | Killed a royal mummy
 62737 | Tomb:2   | Reached skill level 21 in Invocations
 62780 | Tomb:2   | 62780 ||| INVOKING Cleansing Flame.
 62874 | Tomb:2   | 62874 ||| Stepping ~*~*~tactically~*~*~ (stealth).
 62876 | Tomb:2   | 62876 ||| Stepping ~*~*~tactically~*~*~ (stealth).
 62902 | Tomb:2   | 62902 ||| Stepping ~*~*~tactically~*~*~ (hiding).
 62907 | Tomb:2   | 62907 ||| INVOKING Summon Divine Warrior.
 62910 | Tomb:2   | 62910 ||| INVOKING Cleansing Flame.
 62914 | Tomb:2   | 62914 ||| INVOKING Cleansing Flame.
 63314 | Tomb:1   | Noticed a royal mummy
 63314 | Tomb:1   | Noticed a royal mummy
 63315 | Tomb:1   | 63315 ||| INVOKING Cleansing Flame.
 63316 | Tomb:1   | 63316 ||| INVOKING Cleansing Flame.
 63317 | Tomb:1   | 63317 ||| INVOKING Cleansing Flame.
 63318 | Tomb:1   | 63318 ||| INVOKING Summon Divine Warrior.
 63319 | Tomb:1   | Killed a royal mummy
 63325 | Tomb:1   | 63325 ||| INVOKING Cleansing Flame.
 63330 | Tomb:1   | Killed a royal mummy
 63332 | Tomb:1   | 63332 ||| INVOKING Cleansing Flame.
 63472 | Tomb:1   | Noticed a royal mummy
 63476 | Tomb:1   | 63476 ||| INVOKING Cleansing Flame.
 63477 | Tomb:1   | 63477 ||| INVOKING Cleansing Flame.
 63478 | Tomb:1   | 63478 ||| INVOKING Cleansing Flame.
 63478 | Tomb:1   | Killed a royal mummy
 63535 | Tomb:1   | Noticed a royal mummy
 63540 | Tomb:1   | Noticed a royal mummy
 63540 | Tomb:1   | Noticed a royal mummy
 63542 | Tomb:1   | Killed a royal mummy
 63554 | Tomb:1   | 63554 ||| INVOKING Cleansing Flame.
 63555 | Tomb:1   | 63555 ||| INVOKING Cleansing Flame.
 63556 | Tomb:1   | 63556 ||| INVOKING Cleansing Flame.
 63556 | Tomb:1   | Killed a royal mummy
 63557 | Tomb:1   | 63557 ||| INVOKING Summon Divine Warrior.
 63558 | Tomb:1   | 63558 ||| INVOKING Cleansing Flame.
 63561 | Tomb:1   | Killed a royal mummy
 63730 | Tomb:1   | Noticed a royal mummy
 63731 | Tomb:1   | 63731 ||| INVOKING Summon Divine Warrior.
 63731 | Tomb:1   | Noticed a royal mummy
 63738 | Tomb:1   | 63738 ||| INVOKING Summon Divine Warrior.
 63745 | Tomb:1   | Killed a royal mummy
 63751 | Tomb:1   | Killed a royal mummy
 64400 | Tomb:2   | 64400 ||| INVOKING Cleansing Flame.
 64401 | Tomb:2   | 64401 ||| INVOKING Cleansing Flame.
 64403 | Tomb:2   | 64403 ||| INVOKING Summon Divine Warrior.
 64403 | Tomb:2   | Identified the +1 tower shield of Follow the Leader {rN+}
 64408 | Tomb:2   | 64408 ||| INVOKING Cleansing Flame.
 64411 | Tomb:2   | 64411 ||| INVOKING Cleansing Flame.
 64422 | Tomb:2   | 64422 ||| INVOKING Cleansing Flame.
 64423 | Tomb:2   | 64423 ||| INVOKING Cleansing Flame.
 64550 | Tomb:2   | 64550 ||| Stepping ~*~*~tactically~*~*~ (hiding).
 64551 | Tomb:2   | 64551 ||| Stepping ~*~*~tactically~*~*~ (hiding).
 64623 | Tomb:3   | Entered Level 3 of the Tomb of the Ancients
 64624 | Tomb:3   | 64624 ||| DRINKING 4 potions of haste.
 64625 | Tomb:3   | 64625 ||| DRINKING 5 potions of attraction.
 64632 | Tomb:3   | 64632 ||| INVOKING Cleansing Flame.
 64650 | Tomb:3   | 64650 ||| INVOKING Summon Divine Warrior.
 64652 | Tomb:3   | 64652 ||| INVOKING Cleansing Flame.
 64655 | Tomb:3   | Noticed a royal mummy
 64656 | Tomb:3   | Noticed a royal mummy
 64660 | Tomb:3   | Killed a royal mummy
 64660 | Tomb:3   | Noticed a royal mummy
 64663 | Tomb:3   | Noticed a royal mummy
 64664 | Tomb:3   | 64664 ||| INVOKING Cleansing Flame.
 64667 | Tomb:3   | 64667 ||| INVOKING Summon Divine Warrior.
 64672 | Tomb:3   | 64672 ||| INVOKING Cleansing Flame.
 64673 | Tomb:3   | Killed a royal mummy
 64675 | Tomb:3   | HP: 50/201 [torment (9)]
 64676 | Tomb:3   | 64676 ||| READING 17 scrolls of teleportation.
 64677 | Tomb:3   | 64677 ||| INVOKING Cleansing Flame.
 64679 | Tomb:3   | 64679 ||| INVOKING Cleansing Flame.
 64680 | Tomb:3   | 64680 ||| INVOKING Summon Divine Warrior.
 64688 | Tomb:3   | Noticed a royal mummy
 64689 | Tomb:3   | Noticed a royal mummy
 64690 | Tomb:3   | HP: 50/201 [royal mummy/divine providence (11)]
 64691 | Tomb:3   | 64691 ||| READING 16 scrolls of teleportation.
 64692 | Tomb:3   | 64692 ||| DRINKING 8 potions of heal wounds.
 64705 | Tomb:3   | 64705 ||| INVOKING Summon Divine Warrior.
 64708 | Tomb:3   | Found the +3 Elemental Staff {rElec rF+ rC+ AC+3}
 64729 | Tomb:3   | HP: 48/201 [??? (9)]
 64730 | Tomb:3   | 64730 ||| READING 15 scrolls of teleportation.
 64731 | Tomb:3   | 64731 ||| DRINKING 7 potions of heal wounds.
 64731 | Tomb:3   | Killed a royal mummy
 64732 | Tomb:3   | Noticed a royal mummy
 64732 | Tomb:3   | Noticed a royal mummy
 64733 | Tomb:3   | 64733 ||| READING 14 scrolls of teleportation.
 64734 | Tomb:3   | 64734 ||| DRINKING 6 potions of heal wounds.
 64735 | Tomb:3   | 64735 ||| INVOKING Cleansing Flame.
 64742 | Tomb:3   | HP: 45/201 [royal mummy/divine providence (10)]
 64743 | Tomb:3   | 64743 ||| READING 13 scrolls of teleportation.
 64744 | Tomb:3   | 64744 ||| DRINKING 5 potions of heal wounds.
 64746 | Tomb:3   | 64746 ||| INVOKING Cleansing Flame.
 64747 | Tomb:3   | 64747 ||| INVOKING Cleansing Flame.
 64747 | Tomb:3   | Killed a royal mummy
 64748 | Tomb:3   | Reached skill level 24 in Invocations
 64776 | Tomb:3   | 64776 ||| INVOKING Cleansing Flame.
 64779 | Tomb:3   | Killed a royal mummy
 64797 | Tomb:3   | 64797 ||| INVOKING Cleansing Flame.
 64804 | Tomb:3   | 64804 ||| Stepping ~*~*~tactically~*~*~ (hiding).
 64816 | Tomb:3   | 64816 ||| INVOKING Cleansing Flame.
 64867 | Tomb:3   | Noticed a royal mummy
 64881 | Tomb:3   | 64881 ||| INVOKING Summon Divine Warrior.
 64885 | Tomb:3   | 64885 ||| INVOKING Cleansing Flame.
 64885 | Tomb:3   | Killed a royal mummy
 65002 | Tomb:3   | 65002 ||| Stepping ~*~*~tactically~*~*~ (hiding).
 65003 | Tomb:3   | 65003 ||| INVOKING Summon Divine Warrior.
 65008 | Tomb:3   | 65008 ||| INVOKING Cleansing Flame.
 65009 | Tomb:3   | 65009 ||| INVOKING Cleansing Flame.
 65010 | Tomb:3   | 65010 ||| INVOKING Cleansing Flame.
 65011 | Tomb:3   | 65011 ||| INVOKING Cleansing Flame.
 65011 | Tomb:3   | Killed a royal mummy
 65018 | Tomb:3   | 65018 ||| INVOKING Cleansing Flame.
 65019 | Tomb:3   | 65019 ||| INVOKING Cleansing Flame.
 65019 | Tomb:3   | Killed a royal mummy
 65021 | Tomb:3   | 65021 ||| DRINKING 2 potions of magic.
 65101 | Tomb:3   | Identified the staff of air "Wihaix" {rElec rN+ Will+
                  | Stlth+}
 65101 | Tomb:3   | Was forgiven by Okawaru
 65118 | Tomb:3   | 65118 ||| INVOKING Cleansing Flame.
 65119 | Tomb:3   | 65119 ||| INVOKING Cleansing Flame.
 65120 | Tomb:3   | 65120 ||| INVOKING Cleansing Flame.
 65120 | Tomb:3   | Killed a royal mummy
 65203 | Tomb:3   | Identified the +0 eveningstar of the Vestibule of Hell
                  | {flame, rElec rPois Int+5}
 65298 | Tomb:3   | Identified the +9 halberd "Giant's Funeral" {antimagic,
                  | rC+}
 65363 | Tomb:3   | Identified the staff of cold "Joubimur" {rC+ Int+5}
 65425 | Tomb:3   | Identified the +6 longbow "Xadit" {flame, rC++}
 65480 | Tomb:3   | Got a golden rune of Zot
 65481 | Tomb:3   | 65481 ||| UPGRADING to +2 pair of gloves of dexterity.
 65491 | Tomb:3   | 65491 ||| PLANNING ABYSS
 65491 | Tomb:3   | 65491 ||| DROPPING +2 pair of gloves.
 65492 | Tomb:3   | 65492 ||| DROPPING 11 potions of lignification.
 65493 | Tomb:3   | 65493 ||| DROPPING 4 potions of attraction.
 66018 | Depths:2 | Voluntarily entered the Abyss.
 66030 | Abyss:4  | 66030 ||| Stepping ~*~*~tactically~*~*~ (hiding).
 66059 | Abyss:4  | 66059 ||| Stepping ~*~*~tactically~*~*~ (stealth).
 66062 | Abyss:4  | 66062 ||| Stepping ~*~*~tactically~*~*~ (hiding).
 66111 | Abyss:4  | 66111 ||| Stepping ~*~*~tactically~*~*~ (stealth).
 66116 | Abyss:4  | 66116 ||| Stepping ~*~*~tactically~*~*~ (hiding).
 66117 | Abyss:4  | 66117 ||| Stepping ~*~*~tactically~*~*~ (hiding).
 66118 | Abyss:4  | 66118 ||| Stepping ~*~*~tactically~*~*~ (hiding).
 66119 | Abyss:4  | 66119 ||| Stepping ~*~*~tactically~*~*~ (hiding).
 66149 | Abyss:4  | Found a basalt altar of Yredelemnul.
 66149 | Abyss:4  | Found a basalt altar of Yredelemnul.
 66190 | Abyss:4  | 66190 ||| INVOKING Summon Divine Warrior.
 66192 | Abyss:4  | 66192 ||| INVOKING Cleansing Flame.
 66305 | Abyss:4  | 66305 ||| Stepping ~*~*~tactically~*~*~ (stealth).
 66318 | Abyss:4  | 66318 ||| Stepping ~*~*~tactically~*~*~ (stealth).
 66320 | Abyss:4  | 66320 ||| Stepping ~*~*~tactically~*~*~ (stealth).
 66322 | Abyss:4  | 66322 ||| Stepping ~*~*~tactically~*~*~ (stealth).
 66324 | Abyss:4  | 66324 ||| Stepping ~*~*~tactically~*~*~ (hiding).
 66343 | Abyss:4  | 66343 ||| Stepping ~*~*~tactically~*~*~ (stealth).
 66362 | Abyss:4  | 66362 ||| Stepping ~*~*~tactically~*~*~ (stealth).
 66363 | Abyss:4  | 66363 ||| Stepping ~*~*~tactically~*~*~ (stealth).
 66379 | Abyss:4  | 66379 ||| Stepping ~*~*~tactically~*~*~ (stealth).
 66381 | Abyss:4  | 66381 ||| INVOKING Summon Divine Warrior.
 66421 | Abyss:4  | 66421 ||| INVOKING Summon Divine Warrior.
 66424 | Abyss:4  | 66424 ||| INVOKING Cleansing Flame.
 66425 | Abyss:4  | 66425 ||| INVOKING Cleansing Flame.
 66638 | Abyss:4  | Found a corrupted altar of Lugonu.
 66665 | Abyss:4  | Paralysed by accursed screaming for 1 turns
 66670 | Abyss:4  | Paralysed by accursed screaming for 2 turns
 66747 | Abyss:4  | 66747 ||| Stepping ~*~*~tactically~*~*~ (stealth).
 66786 | Abyss:4  | Found a corrupted altar of Lugonu.
 66802 | Abyss:4  | Found a corrupted altar of Lugonu.
 66817 | Abyss:4  | Found a corrupted altar of Lugonu.
 66866 | Abyss:4  | Reached skill level 1 in Short Blades
 67005 | Abyss:4  | Found a corrupted altar of Lugonu.
 67027 | Abyss:4  | 67027 ||| Stepping ~*~*~tactically~*~*~ (stealth).
 67028 | Abyss:4  | 67028 ||| Stepping ~*~*~tactically~*~*~ (stealth).
 67042 | Abyss:4  | 67042 ||| FLEEEEING.
 67057 | Abyss:4  | Found a corrupted altar of Lugonu.
 67071 | Abyss:4  | 67071 ||| Stepping ~*~*~tactically~*~*~ (stealth).
 67081 | Abyss:4  | 67081 ||| Stepping ~*~*~tactically~*~*~ (stealth).
 67083 | Abyss:4  | 67083 ||| Stepping ~*~*~tactically~*~*~ (hiding).
 67105 | Abyss:4  | 67105 ||| Stepping ~*~*~tactically~*~*~ (stealth).
 67122 | Abyss:4  | 67122 ||| Stepping ~*~*~tactically~*~*~ (stealth).
 67123 | Abyss:4  | Noticed an ancient lich
 67124 | Abyss:4  | 67124 ||| Stepping ~*~*~tactically~*~*~ (hiding).
 67125 | Abyss:4  | 67125 ||| INVOKING Summon Divine Warrior.
 67126 | Abyss:4  | 67126 ||| INVOKING Cleansing Flame.
 67127 | Abyss:4  | 67127 ||| INVOKING Cleansing Flame.
 67127 | Abyss:4  | Killed an ancient lich
 67128 | Abyss:4  | Reached skill level 3 in Short Blades
 67167 | Abyss:4  | Paralysed by an air elemental for 1 turns
 67171 | Abyss:4  | Paralysed by an air elemental for 1 turns
 67206 | Abyss:4  | Found a corrupted altar of Lugonu.
 67267 | Abyss:4  | Paralysed by an air elemental for 1 turns
 67281 | Abyss:4  | Paralysed by accursed screaming for 1 turns
 67286 | Abyss:4  | Reached skill level 27 in Invocations
 67302 | Abyss:4  | Paralysed by accursed screaming for 1 turns
 67328 | Abyss:4  | 67328 ||| FLEEEEING.
 67329 | Abyss:4  | 67329 ||| FLEEEEING.
 67330 | Abyss:4  | 67330 ||| Stepping ~*~*~tactically~*~*~ (hiding).
 67331 | Abyss:4  | 67331 ||| Stepping ~*~*~tactically~*~*~ (stealth).
 67345 | Abyss:4  | Paralysed by accursed screaming for 2 turns
 67347 | Abyss:4  | 67347 ||| INVOKING Summon Divine Warrior.
 67352 | Abyss:4  | Paralysed by accursed screaming for 2 turns
 67357 | Abyss:4  | HP: 35/141 [starcursed mass/accursed screaming (10)]
 67358 | Abyss:4  | 67358 ||| READING 12 scrolls of teleportation.
 67359 | Abyss:4  | 67359 ||| DRINKING 5 potions of heal wounds.
 67360 | Abyss:4  | 67360 ||| DRINKING 4 potions of heal wounds.
 67360 | Abyss:4  | HP: 15/141 [starcursed mass/accursed screaming (24)]
 67360 | Abyss:4  | Paralysed by accursed screaming for 2 turns
 67362 | Abyss:4  | 67362 ||| DRINKING 3 potions of heal wounds.
 67363 | Abyss:4  | 67363 ||| DRINKING 2 potions of heal wounds.
 67364 | Abyss:4  | 67364 ||| DRINKING potion of heal wounds.
 67366 | Abyss:4  | HP: 18/141 [starcursed mass/accursed screaming (7)]
 67366 | Abyss:4  | Paralysed by accursed screaming for 2 turns
 67368 | Abyss:4  | Killed from afar by a starcursed mass

Levels and vault maps discovered:
D:1:      dpeg_arrival_short_road, layout_basic, minmay_tromino_v4_a
D:2:      layout_loops_cross, skrybe_limestone_x
D:3:      layout_basic, serial_shops, nicolae_shop_behind_doors
D:4:      layout_loops_ring
D:5:      layout_gridville, serial_shops, shop, uniq_blork_the_orc, uniq_pikel
D:6:      layout_loops_ring, minmay_temple_entry_stoned_glass
D:7:      layout_cave_pools
D:8:      layout_layer_cave, mainiacjoe_overflow_concentric_impassable,
          serial_shops, nicolae_shop_back_alley_shop
D:9:      layout_roguey, minitemple
D:10:     layout_rooms, enter_bailey_8, grunt_ministairs_13
D:11:     layout_grid_maze, dpeg_lair_monsters, erik_orc_4,
          nemelex_xobeh_ov_fountains_minmay, uniq_erolcha, uniq_fannar,
          uniq_urug
D:12:     layout_long_grid
D:13:     layout_cave_pools, ximxim_vaults_locker_room
D:14:     layout_gridville, eino_curves_03, minmay_curled_crystal,
          yredelemnul_forgotten_temple_becter
D:15:     hangedman_depths_entry_try_elsewhere_first, layout_rooms,
          serial_shops, shop, shop, shop, nicolae_shop_tiny_glass,
          nicolae_shop_temple_entry_statues_fountains, zin_purify
Temple:   lightli_temple_of_artemis
Lair:1:   layout_gridlike, gammafunk_ghost_necromancy, grunt_megastairs_1,
          infiniplex_staircase_pool_2, lemuel_fruit_tree, serial_bayou_shore_a,
          uniq_maggie
Lair:2:   layout_chaotic_city, minmay_shoals_entry_beasts,
          hellmonk_guarded_unrand_vines, uniq_gastronok
Lair:3:   layout_cave_pods, nicolae_spider_entry_lesser_pyramids,
          small_statue_intersection, roderic_carrion_pond
Lair:4:   layout_regular_city, slime_entry_1, serial_bayou_ford_a,
          nicolae_lair_lakeside_cave, uniq_sonja
Lair:5:   hellmonk_lair_end_abyssal_woods, layout_regular_city,
          maelrawn_ghost_gauntlet_escape, serial_bayou_shore_b
Shoals:1: layout_shoals, nicolae_shoals_spring_well_temple
Shoals:2: layout_shoals, serial_shops, shop, serial_nicolae_subway,
          nicolae_sub_station_metal, nicolae_sub_station_crystal,
          nicolae_sub_station_stone
Shoals:3: layout_shoals
Shoals:4: shoals_end_grunt_ice, layout_shoals
Spider:1: nicolae_spider_hilbert_zone_1 [nicolae_spider_hilbert_4_sides_1_open,
          nicolae_spider_hilbert_4_sides_1_open,
          nicolae_spider_hilbert_4_sides_1_open,
          nicolae_spider_hilbert_4_sides_1_open,
          nicolae_spider_hilbert_3_sides_1_open,
          nicolae_spider_hilbert_3_sides_1_open,
          nicolae_spider_hilbert_3_sides_1_open,
          nicolae_spider_hilbert_3_sides_1_open,
          nicolae_spider_hilbert_3_sides_1_open,
          nicolae_spider_hilbert_6_sides_1_open,
          nicolae_spider_hilbert_6_sides_1_open,
          nicolae_spider_hilbert_3_sides_1_open,
          nicolae_spider_hilbert_3_sides_1_open,
          nicolae_spider_hilbert_3_sides_1_open,
          nicolae_spider_hilbert_3_sides_1_open,
          nicolae_spider_hilbert_2_sides_1_open], uniq_donald, uniq_azrael
Spider:2: layout_chambers, nicolae_orb_stairs
Spider:3: layout_spider_delve
Spider:4: grunt_spider_rune_parallel, uniq_mara, uniq_louise
Slime:1:  layout_caves
Slime:2:  nicolae_slime_pool, layout_caves
Slime:3:  layout_caves, cheibrodos_slime_lost_civilization_7
Slime:4:  layout_caves, uniq_dissolution
Slime:5
Orc:1:    layout_caves, ebering_ghost_disaster_area, basic_altar
Orc:2:    grunt_orc_tribal_feast, layout_caves, serial_shops, bzr_firewalk,
          nicolae_shop_behind_doors
Vaults:1: nicolae_vaults_ninety_degrees, nicolae_vaults_tetromino_Z_2,
          vaults_dpeg_encased_lava, hangedman_vaults_variations, st_diamondy,
          vaults_room_fours, vaults_mumra_hexcomb,
          nicolae_vaults_three_branches, layout_vaults_big_cross, serial_shops,
          shop
Vaults:2: mu_enter_wizlab_6, v_misc_12, minmay_crypt_entry_skeletal_spiral,
          nicolae_vaults_door_testing_chamber, v_alt_pattern_3,
          nicolae_vaults_circle_grid_b, vaults_dpeg_emergency_exit, v_misc_4,
          ontoclasm_vaults_twist, nicolae_vaults_little_squares_3,
          ontoclasm_vaults_gallery, nicolae_vaults_taking_the_gang_shopping,
          ontoclasm_vaults_chip, nicolae_vaults_trapezoid_1,
          layout_vaults_chaotic_city, uniq_sojobo
Vaults:3: hangedman_vaults_maws, nicolae_vaults_asterisk, v_misc_1,
          v_alt_pattern_6, nicolae_vaults_variable_pillar_hall,
          ontoclasm_vaults_gateway, vaults_room_fours, layout_vaults_omnigrid,
          uniq_aizul
Vaults:4: portal_desolation_entry_nicolae_forbidding_blocks,
          grunt_vaults_trifunnel, dpeg_vaults_pockets_of_resistance, v_misc_5,
          vaults_room_corners, nicolae_vaults_asterisk,
          nicolae_vaults_trapezoid_lopsided_3, vaults_mumra_hex,
          nicolae_vaults_yaktaur_gun_rack, ontoclasm_vaults_ring_square,
          vaults_mumra_minichess_inversion, nicolae_vaults_double_plus_1,
          vaults_mumra_chevron_long, layout_vaults_maze_bifur, serial_shops,
          nicolae_shop_behind_doors
Vaults:5
Crypt:1:  layout_gridlike, uniq_grunn, uniq_margery, uniq_mennas, uniq_josephina
Crypt:2:  layout_misc_corridors, grunt_megastairs_2
Crypt:3:  cryptofortress_bobbens
Tomb:1
Tomb:2
Tomb:3
Depths:1: layout_basic, pf_dread_powers_of_hell, fake_guardian_serpent_vault
Depths:2: kennysheep_four_of_diamonds, layout_small_grid,
          nicolae_trove_entry_free_sample, grunt_metal_band, pan_entry,
          abyss_entry, minmay_hedge_maze
Depths:3: hangedman_crystal_crosses_colossus [crystal_crosses_arms_four,
          crystal_crosses_arms_two, crystal_crosses_arms_two,
          crystal_crosses_arms_one], hell_entry, abyss_entry
Depths:4: evilmike_zot_entry_hall, layout_gridlike, grunt_pan_entry_zigzag,
          nicolae_hell_entry_big_baal_hell, columned_hall_lemuel,
          kiku_gazebo_garden_becter
Zot:1:    layout_misc_corridors
Zot:2:    lemuel_draconian_sentries, layout_basic, uniq_parghit
Zot:3:    layout_misc_corridors
Zot:4:    gammafunk_sealed_arena, layout_gridlike
Abyss:4:  base: Vaults:2, base: Slime:5, doesnt_abyss_rune_brain_food,
          evilmike_abyss_exit_vortex, eino_small_chamber_without_monster,
          doesnt_abyss_rune_brain_food, eino_small_chamber_without_monster,
          spicy_abyss_unhelpful_harpoons, spicy_abyss_unhelpful_harpoons,
          gammafunk_abyss_rune_reverse_zot,
          due_evilmike_abyss_rune_seething_liches,
          gammafunk_abyss_exit_x_factor, due_exit_kobolds,
          nicolae_abyss_rune_star_stuff

Skill      XL: |  1  2  3  4  5  6  7  8  9 10 11 12 13 14 15 16 17 18 19 20 21 22 23 24 25 26 27 |
---------------+----------------------------------------------------------------------------------+-----
Axes           | 2 3 5 7 8 9 10 11 12 14 15 16 18 | 18.0
Fighting       | 4 6 8 10 12 13 15 17 19 20 21 22 24 25 27 | 27.0
Dodging        | 1 2 4 5 6 7 8 9 |  9.9
Throwing       | 1 4 5 6 7 8 10 12 13 15 | 15.3
Armour         | 5 6 7 8 12 14 15 17 18 21 22 | 22.4
Shields        | 7 11 13 14 15 16 17 18 19 20 21 22 | 22.0
Invocations    | 1 4 9 10 13 27 | 27.0
Short Blades   | 5 |  5.0

Action                     |  1- 3 |  4- 6 |  7- 9 | 10-12 | 13-15 | 16-18 | 19-21 | 22-24 | 25-27 || total
---------------------------+-------+-------+-------+-------+-------+-------+-------+-------+-------++-------
  Melee: War axe           |   108 |   149 |   284 |   345 |       |       |       |       |   638 ||  1524
         Broad axe         |       |       |       |    85 |  1052 |  1880 |  1892 |  1839 |  2062 ||  8810
  Throw: Boomerang         |       |       |    59 |    39 |   134 |   177 |   198 |   141 |   303 ||  1051
         Javelin           |       |       |       |    23 |   149 |   110 |    23 |    85 |   113 ||   503
 Invoke: Heroism           |       |       |     1 |    19 |    22 |    40 |    17 |    35 |    20 ||   154
         Finesse           |       |       |       |     1 |     6 |    13 |     7 |    14 |     2 ||    43
         Cleansing Flame   |       |       |       |       |       |       |       |       |    71 ||    71
         Summon Divine War |       |       |       |       |       |       |       |       |    26 ||    26
         Brand Weapon With |       |       |       |       |       |       |       |       |     1 ||     1
  Evoke: Wand              |       |       |       |       |       |       |       |       |     8 ||     8
    Use: Scroll            |     4 |     7 |     6 |     8 |     5 |     8 |     4 |     5 |    12 ||    59
         Potion            |       |     1 |     5 |     1 |       |     4 |     4 |     4 |    20 ||    39
   Stab: Distracted        |       |       |       |     1 |       |       |       |     3 |       ||     4
         Petrified         |       |       |       |       |     7 |       |       |       |       ||     7
         Confused          |       |       |       |       |       |       |       |       |     2 ||     2
 Armour: Scale mail        |    51 |    90 |    38 |       |       |       |       |       |       ||   179
         Plate armour      |       |       |   131 |   191 |    22 |   751 |   763 |    98 |       ||  1956
         Robe              |       |       |       |       |   283 |    22 |       |       |       ||   305
         Crystal plate arm |       |       |       |       |       |       |       |   770 |  1786 ||  2556
  Dodge: Dodged            |    46 |   107 |   177 |   147 |   507 |   641 |   562 |   585 |  1136 ||  3908
  Block: Buckler           |    29 |    34 |    50 |       |       |       |       |       |       ||   113
         Kite shield       |       |       |    14 |       |       |       |       |       |       ||    14
         Tower shield      |       |       |     5 |   344 |  1050 |  1689 |  1335 |  1348 |  2722 ||  8493

Table legend:
 A = Non-vault XP
 B = Vault XP
 C = Vault XP percentage of total XP
 D = Non-vault monster count
 E = Vault monster count
 F = Vault count percentage of total count
                 A         B        C        D         E       F
            +---------+---------+-------+---------+---------+-------
      Total |  917120 |  798907 |  46.6 |    1821 |     996 |  35.4
            +---------+---------+-------+---------+---------+-------
        D:1 |      50 |       1 |   2.0 |      31 |       1 |   3.1
        D:2 |      25 |       0 |   0.0 |       9 |       0 |   0.0
        D:3 |      73 |       0 |   0.0 |      20 |       0 |   0.0
        D:4 |     190 |       0 |   0.0 |      14 |       0 |   0.0
        D:5 |     582 |     750 |  56.3 |      22 |       2 |   8.3
        D:6 |    1011 |       0 |   0.0 |      19 |       0 |   0.0
        D:7 |     649 |       0 |   0.0 |      23 |       0 |   0.0
        D:8 |     553 |       0 |   0.0 |      23 |       0 |   0.0
        D:9 |    2246 |       0 |   0.0 |      14 |       0 |   0.0
       D:10 |    2697 |    2480 |  47.9 |      13 |       5 |  27.8
       D:11 |    3234 |    4827 |  59.9 |      17 |      24 |  58.5
       D:12 |    2840 |       0 |   0.0 |       5 |       0 |   0.0
       D:13 |    7668 |    3469 |  31.1 |      20 |      11 |  35.5
       D:14 |   17976 |       1 |   0.0 |      35 |       1 |   2.8
       D:15 |    6882 |    2360 |  25.5 |      15 |       3 |  16.7
     Lair:1 |    6866 |     700 |   9.3 |      27 |       3 |  10.0
     Lair:2 |    5801 |    4556 |  44.0 |      15 |       6 |  28.6
     Lair:3 |   16052 |    2074 |  11.4 |      43 |      10 |  18.9
     Lair:4 |   12447 |    9287 |  42.7 |      34 |      22 |  39.3
     Lair:5 |    4969 |   12426 |  71.4 |      10 |      40 |  80.0
   Shoals:1 |   14223 |    2053 |  12.6 |      31 |       3 |   8.8
   Shoals:2 |   13053 |       0 |   0.0 |      27 |       0 |   0.0
   Shoals:3 |   12460 |       0 |   0.0 |      27 |       0 |   0.0
   Shoals:4 |   16038 |   19291 |  54.6 |      35 |      34 |  49.3
   Spider:1 |   23578 |    9006 |  27.6 |      64 |      17 |  21.0
   Spider:2 |   16253 |    2091 |  11.4 |      49 |       3 |   5.8
   Spider:3 |   25651 |       0 |   0.0 |      55 |       0 |   0.0
   Spider:4 |   19311 |   20822 |  51.9 |      45 |      32 |  41.6
    Slime:1 |   17452 |       0 |   0.0 |      32 |       0 |   0.0
    Slime:2 |    3348 |       0 |   0.0 |       4 |       0 |   0.0
    Slime:3 |    9599 |    7713 |  44.6 |      28 |       1 |   3.4
    Slime:4 |     568 |       0 |   0.0 |       1 |       0 |   0.0
    Slime:5 |    4915 |   22970 |  82.4 |      12 |      17 |  58.6
      Orc:1 |    4313 |       0 |   0.0 |      38 |       0 |   0.0
      Orc:2 |    3203 |    7364 |  69.7 |      34 |      30 |  46.9
   Vaults:1 |    8530 |   21030 |  71.1 |      13 |      33 |  71.7
   Vaults:2 |   33958 |   30828 |  47.6 |      50 |      38 |  43.2
   Vaults:3 |   28394 |   12525 |  30.6 |      39 |      19 |  32.8
   Vaults:4 |   25955 |   55252 |  68.0 |      35 |      64 |  64.6
   Vaults:5 |   24465 |  117450 |  82.8 |      45 |     103 |  69.6
    Crypt:1 |   29826 |   17564 |  37.1 |      43 |      11 |  20.4
    Crypt:2 |   25420 |    1163 |   4.4 |      37 |       2 |   5.1
    Crypt:3 |       0 |   59547 | 100.0 |       0 |      91 | 100.0
     Tomb:1 |   16018 |   75009 |  82.4 |      33 |      60 |  64.5
     Tomb:2 |   12439 |   41608 |  77.0 |      25 |      46 |  64.8
     Tomb:3 |   10374 |   84962 |  89.1 |      32 |      89 |  73.6
   Depths:1 |   34609 |    2626 |   7.1 |      44 |       3 |   6.4
   Depths:2 |   36409 |   22127 |  37.8 |      47 |      22 |  31.9
   Depths:3 |       0 |   54767 | 100.0 |       0 |      56 | 100.0
   Depths:4 |   20636 |   19790 |  49.0 |      23 |      25 |  52.1
      Zot:1 |   40049 |       0 |   0.0 |      33 |       0 |   0.0
      Zot:2 |   32535 |   14269 |  30.5 |      30 |      11 |  26.8
      Zot:3 |   63258 |       0 |   0.0 |      53 |       0 |   0.0
      Zot:4 |   42994 |       0 |   0.0 |      41 |       0 |   0.0
    Abyss:2 |   19730 |       0 |   0.0 |      49 |       0 |   0.0
    Abyss:3 |   21848 |       0 |   0.0 |      37 |       0 |   0.0
    Abyss:4 |  112897 |   12156 |   9.7 |     221 |      19 |   7.9
     WizLab |       0 |   21993 | 100.0 |       0 |      39 | 100.0
            +---------+---------+-------+---------+---------+-------
